 Dungeon Crawl Stone Soup version 0.31-a0-538-gbc85326fa9 (webtiles) character file.

Game seed: 9742726514321755200

381953 Jackthecabe the Skinwalker (level 21, 0/97 HPs)
             Began as a Felid Chaos Knight on Aug 13, 2023.
             Was a Favourite Plaything of Xom.
             Slain by a tentacled monstrosity (10 damage)
             ... on level 4 of the Realm of Zot on Aug 14, 2023.
             The game lasted 06:14:36 (109047 turns).

Jackthecabe the Skinwalker (Felid Chaos Knight)   Turns: 109047, Time: 06:14:38

Health: 0/97       AC: 15    Str: 19 (20) XL:     21   Next: 57%
Magic:  23/38      EV: 45    Int: 21 (23) God:    Xom [......]
Gold:   564        SH:  0    Dex: 11 (12) Spells: 0/45 levels left
                                        Lives:  0   Deaths: 3

rFire   + .          .
                       - Unarmed
rCold   + + .        (shield unavailable)
rNeg    . . .        (body armour unavailable)
rPois   ∞            (helmet unavailable)
rElec   +            (cloak unavailable)
rCorr   +            (gloves unavailable)
SInv    +            (boots unavailable)
Will    ++++.        N - dreamdust necklace {Acrobat}
Stlth   ++++         E - ring of Ifanyonk {rF+ rCorr Str+2}
HPRegen 0.36/turn    J - ring "Vas Ciafash" {Wiz Drain rPois rC++ Int+3}
MPRegen 0.26/turn

%: acrobat, clarity, wizardry (x1)
@: storm-form, flying, studying Invocations
A: cleaving, insubstantial, flying, very small, (claws 1), (fangs 3), see
invisible, (speed 1), (shaggy fur 3), (stealthy paws), no weapons or thrown
items, no armour, multi-lived, (large bone plates 1), (camouflage 1), clarity,
clumsy 1, deterioration 1, (fire resistance 1), frail 1, strong-willed 1,
mutation resistance 1, screaming 1, (electricity resistance), strong 2, wild
magic 2, MP-powered wands
}: 3/15 runes: decaying, slimy, gossamer
a: Blinkbolt, Begin Untransformation, Renounce Religion


You were on level 4 of the Realm of Zot.
You worshipped Xom.
You were a very special plaything of Xom.
You were a lightning-filled tempest!
You visited 10 branches of the dungeon, and saw 51 of its levels.
You also visited: Bailey.

You collected 7786 gold pieces.
You spent 7222 gold pieces at shops.


Innate Abilities, Weirdness & Mutations

You are a lightning-filled tempest!
Your electrical attacks strike out in all directions at once.
You are incredibly evasive.
Your insubstantial body is immune to petrification, constriction, and being set on fire You are flying.
You are immune to poison.
((You have sharp claws.))
((You have razor-sharp teeth.))
You have supernaturally acute eyesight. (SInv)
((You cover ground quickly. (Speed+)))
((Your thick and shaggy fur keeps you warm. (AC +3, rC+)))
((Your paws help you pounce on unaware monsters.))
You are incapable of wielding weapons or throwing items.
You cannot wear armour.
You gain extra lives every three experience levels.
((You are partially covered in large bone plates. (SH +4)))
((Your skin changes colour to match your surroundings (Stealth+).))
You possess an exceptional clarity of mind.
You are clumsy. (Dex -2)
Your body sometimes deteriorates upon taking damage.
((Your flesh is heat resistant. (rF+)))
You are frail. (-10% HP)
You are strong-willed. (Will+)
You are somewhat resistant to further mutation.
You occasionally shout uncontrollably at your foes.
((You are resistant to electric shocks. (rElec)))
Your muscles are very strong. (Str +8, Int/Dex -2)
Your spells are harder to cast, but more powerful.
You expend magic power (3 MP) to strengthen your wands.


   Skills:
 * Level 19.2 Fighting
 - Level 18.0 Dodging
 - Level 8.0 Stealth
 - Level 10.0 Unarmed Combat
 - Level 12.5 Spellcasting
 - Level 4.0 Hexes
 + Level 18.5 Summonings
 - Level 16.0 Translocations
 - Level 4.0 Air Magic
 - Level 17.0 Evocations
 - Level 21.0 Shapeshifting


You couldn't memorise any spells.
You knew the following spells:

 Your Spells              Type           Power      Damage    Failure   Level
a - Apportation           Tloc           100%       N/A       1%          1
e - Dispersal             Tloc           45%        N/A       1%          6
f - Summon Forest         Summ/Tloc      47%        N/A       1%          5
g - Malign Gateway        Summ/Tloc      47%        N/A       4%          7
i - Swiftness             Air            47%        N/A       3%          3
m - Manifold Assault      Tloc           91%        N/A       1%          4
u - Passage of Golubria   Tloc           91%        N/A       1%          4
v - Summon Mana Viper     Hex/Summ       77%        N/A       1%          5
B - Blink                 Tloc           100%       N/A       1%          2
X - Summon Cactus Giant   Summ           49%        N/A       1%          6
Y - Passwall              Tmut/Erth      16%        N/A       7%          2

Your spell library contained the following spells:

 Spells                   Type           Power      Damage    Failure   Level
 Slow                     Hex            100%       N/A       1%          1
 Summon Small Mammal      Summ           100%       N/A       1%          1
 Lesser Beckoning         Tloc           100%       N/A       1%          2
 Momentum Strike          Conj/Tloc      100%       3d10      1%          2
 Call Canine Familiar     Summ           98%        N/A       1%          3
 Gell's Gravitas          Tloc           91%        N/A       1%          3
 Summon Guardian Golem    Hex/Summ       77%        N/A       1%          3
 Vhi's Electric Charge    Tloc/Air       100%       N/A       1%          3
 Volatile Blastmotes      Fire/Tloc      100%       2d18      1%          3
 Summon Ice Beast         Ice/Summ       70%        N/A       1%          4
 Shock                    Conj/Air       100%       1d9       2%          1
 Iskenderun's Mystic Bla  Conj/Tloc      65%        2d13      2%          4
 Ensorcelled Hibernation  Hex/Ice        68%        N/A       3%          2
 Poisonous Vapours        Pois/Air       68%        N/A       3%          2
 Confusing Touch          Hex            47%        N/A       3%          3
 Tukima's Dance           Hex            47%        N/A       3%          3
 Necrotise                Necr           80%        1d8       4%          1
 Sting                    Tmut/Pois      80%        1d7       4%          1
 Cigotuvi's Dreadful Rot  Necr/Pois/Air  58%        N/A       4%          2
 Dazzling Flash           Conj/Hex       68%        N/A       6%          3
 Inner Flame              Hex/Fire       34%        N/A       6%          3
 Scorch                   Fire           40%        2d6       7%          2
 Wereblood                Tmut           20%        N/A       7%          2
 Airstrike                Air            23%        2d(4-20)  9%          4
 Hailstorm                Conj/Ice       20%        3d6       12%         3
 Ignite Poison            Fire/Tmut/Pois 20%        N/A       12%         3
 Ozocubu's Armour         Ice            20%        N/A       12%         3
 Stone Arrow              Conj/Erth      40%        3d9       12%         3
 Vampiric Draining        Necr           20%        2d7       12%         3
 Leda's Liquefaction      Hex/Erth       17%        N/A       16%         4
 Silence                  Hex/Air        23%        N/A       19%         5
 Disjunction              Tloc           45%        N/A       30%         8
 Dispel Undead            Necr           20%        3d11      32%         4
 Flame Wave               Conj/Fire      20%        2d7       32%         4
 Olgreb's Toxic Radiance  Pois           20%        N/A       32%         4
 Sticky Flame             Conj/Fire      20%        2d4       32%         4
 Arcjolt                  Conj/Air       17%        1d27      36%         5
 Freezing Cloud           Conj/Ice/Air   14%        6-21      45%         5
 Spellforged Servitor     Conj/Summ      35%        N/A       47%         7
 Agony                    Necr           20%        N/A       58%         5
 Irradiate                Conj/Tmut      10%        3d15      58%         5
 Iskenderun's Battlesphe  Conj           20%        2d7       58%         5
 Dragon's Call            Summ           49%        N/A       77%         9
 Conjure Ball Lightning   Conj/Air       17%        3x3d6     86%         6
 Plasma Beam              Fire/Air       17%        2x1d28    86%         6
 Death Channel            Necr           10%        N/A       98%         6
 Leda's Unmaking          Conj/Erth      10%        9d2       98%         6
 Simulacrum               Ice/Necr       10%        N/A       98%         6
 Starburst                Conj/Fire      10%        6d5       98%         6
 Ozocubu's Refrigeration  Ice            10%        4d9       100%        7
 Discord                  Hex            23%        N/A       100%        8
 Ignition                 Fire           10%        3d5       100%        8
 Lehudib's Crystal Spear  Conj/Erth      10%        10d4      100%        8
 Maxwell's Capacitive Co  Air            23%        ∞         100%        8
 Shatter                  Erth           10%        3d11*     100%        9
 Portal Projectile        Hex/Tloc       Unusable   N/A       N/A         3
 Animate Armour           Summ/Erth      Unusable   N/A       N/A         4

Inventory:

Jewellery
 n - the ring of Weteok {Int+6 Slay+3}
   (You took it off an orc on level 8 of the Dungeon)

   [ring of intelligence]

   Int+6:     It affects your intelligence (+6).
   Slay+3:    It affects your accuracy & damage with ranged weapons and melee
   (+3).
 w - a ring of willpower
 E - the ring of Ifanyonk (left paw) {rF+ rCorr Str+2}
   (You bought it in a shop on level 2 of the Depths)

   [ring of protection from fire]

   Str+2:     It affects your strength (+2).
   rF+:       It protects you from fire.
   rCorr:     It protects you from acid and corrosion.
 F - a ring of protection from fire
 J - the ring "Vas Ciafash" (right paw) {Wiz Drain rPois rC++ Int+3}
   (Xom gifted it to you on level 5 of the Dungeon)

   [ring of wizardry]

   Wiz:       It improves your spell success rate.
   Int+3:     It affects your intelligence (+3).
   rC++:      It greatly protects you from cold.
   rPois:     It protects you from poison Drain: It drains your maximum health
   when unequipped.
 L - the ring of Dudoehez {rElec rPois EV+5 Dex-2 SInv}
   (You found it on level 1 of the Depths)

   [ring of evasion]

   EV+5:      It affects your evasion (+5).
   Dex-2:     It affects your dexterity (-2).
   rElec:     It insulates you from electricity.
   rPois:     It protects you from poison SInv: It lets you see invisible.
 N - the dreamdust necklace (around neck) {Acrobat}
   (You found it on level 2 of the Swamp)

   [amulet of the acrobat]

   Acrobat:   It increases your evasion while moving and waiting.
 T - the ring "Xoeh" {*Corrode rPois rF+ AC+4 Dex+3}
   (You took it off a deep elf death mage on level 3 of the Elven Halls)

   [ring of protection]

   AC+4:      It affects your AC (+4).
   Dex+3:     It affects your dexterity (+3).
   rF+:       It protects you from fire.
   rPois:     It protects you from poison *Corrode: It may corrode you when you
   take damage.
 U - the macabre finger necklace {Finger+ rN+}
   (You took it off a deep elf death mage on level 3 of the Elven Halls)

   [amulet of nothing]

   Finger+:   It enables you to equip an extra ring.
   rN+:       It protects you from negative energy.
 X - the ring of Plog {EV+5 Str+3 Int+2 Dex-2}
   (You took it off a deep elf blademaster on level 3 of the Elven Halls)

   [ring of evasion]

   EV+5:      It affects your evasion (+5).
   Str+3:     It affects your strength (+3).
   Int+2:     It affects your intelligence (+2).
   Dex-2:     It affects your dexterity (-2).
Talismans
 O - a storm talisman (active)
 Q - a flux talisman
 S - a granite talisman
Wands
 d - a wand of mindburst (22)
 f - a wand of roots (20)
 u - a wand of paralysis (55)
 B - a wand of light (13)
 K - a wand of polymorph (9)
 V - a wand of digging (28)
Scrolls
 a - a scroll of butterflies
 b - 11 scrolls of fog
 e - 8 scrolls of amnesia
 i - 7 scrolls of teleportation {@r2}
 j - 8 scrolls of immolation
 q - 2 scrolls of silence {!r}
 t - 5 scrolls of summoning
 v - 5 scrolls of fear
 y - a scroll of revelation
 A - 4 scrolls of vulnerability
 D - 6 scrolls of blinking
 M - a scroll of acquirement
 W - 9 scrolls of poison
Potions
 c - 11 potions of haste {@q3}
 h - 7 potions of brilliance
 k - 23 potions of curing {@q1}
 l - 9 potions of enlightenment
 m - 9 potions of magic
 p - 3 potions of cancellation
 r - 5 potions of invisibility
 s - 5 potions of resistance
 z - 2 potions of berserk rage {!q}
 C - 15 potions of might
 H - 9 potions of ambrosia
 P - 6 potions of mutation
 R - 2 potions of attraction
Miscellaneous
 g - a lightning rod (4/4)
 o - a phial of floods
 x - a sack of spiders
 G - a tin of tremorstones (1/2)
 I - a box of beasts
 Z - a phantom mirror

Dungeon Overview and Level Annotations

Branches:
Dungeon (15/15)            Temple (0/1) D:6            Lair (5/5) D:9
  Swamp (4/4) Lair:3       Spider (4/4) Lair:3        Slime (5/5) Lair:5
    Orc (2/2) D:10            Elf (3/3) Orc:2        Vaults (4/5) D:14
  Crypt (0/3) Vaults:2     Depths (4/4) D:15            Zot (5/5) Depths:4
 Bailey (visited)

Altars:
Ashenzari
Elyvilon
Gozag
Hepliaklqana
Qazlal
Trog
Uskayaw
Wu Jian
Xom
The Shining One
Jiyva

Shops:
D:6 [   D:7 :   D:10 !   Orc:2 *=**   Elf:2 *!   Vaults:2 ?   Vaults:4 ((*
Depths:1 *   Depths:2 ==   Depths:4 :*?

Portals:
Hell: Depths:1 Depths:2 Depths:3 Depths:4
Abyss: Depths:2 Depths:3
Pandemonium: Depths:2 Depths:3
Ziggurat: Depths:1
Trove: Depths:2 (give 5 scrolls of fear)

Annotations:
Lair:5 1 runed translucent door
Swamp:2 Donald
Elf:3 6 transporters
Zot:4 Vv
Zot:5 exclusions: 2 upstairs and 1 more exclusion

,,,,+,,,,,,,▒.▒...▒.▒§........#
,,,,*,,,⌠,,,+.▒.⌠.▒.'...⌠.9.▒.#
*,,,+,,,,,,,▒.▒...▒.▒#......'.#
,,,,*,*****,▒.▒...▒.▒.▒▒▒▒▒.▒.#
⌠,,,**,,,,,**▒.....▒▒♣,,,..♣▒.#
,,,*,▒▒▒▒▒**,▒▒▒y▒▒♣.♣♣♣♣♣▒♣..#
,,,*##....#,,▒▒§..▒▒.........##
,,,,,......,,▒...X.▒.≈.......#*
,,,,.,#<...,*▒⌠.v.⌠▒..♣..9....#*
***,..##...##▒.....▒.≈≈♣S♣.♣...#*
,,,,.....⌠...▒▒.⌠.▒▒...♣...##...#
,,,,..........▒▒▒▒▒...♣:....##...
,,,,.............♣.qw~.......##..
,,,,...............~≈≈~.......*..
,,,,...###....#....)~≈~♣..♣..##*.
,,,,.,** ##..♣......#~~.....#* **
,,,,,*****##...............##***


You could see a tentacled monstrosity (berserk) and a moth of wrath.


Message History

Casting: Dispersal (dangerous; 1% risk of failure)
Confirm with . or Enter, or press ? or * to list all spells.
Casting: Dispersal (dangerous; 1% risk of failure)
Press: ? - help, Dir - look around, f - activate The moth of wrath disappears!
The quicksilver dragon blinks!
Unknown command.
The quicksilver dragon completely misses you. x2
You fly downwards.
Level annotation: Vv The tentacled monstrosity completely misses you.
The tentacled monstrosity closely misses you.
The tentacled monstrosity barely misses you.
The moth of wrath goads the tentacled monstrosity on!
The tentacled monstrosity goes berserk!
The tentacled monstrosity tentacle-slaps you!
* * * LOW HITPOINT WARNING * * *
Your body deteriorates!
You feel dopey.
The tentacled monstrosity completely misses you.
The tentacled monstrosity barely misses you.
There is a stone staircase leading up here.
Unknown command.
Casting: Dispersal (dangerous; 1% risk of failure)
Confirm with . or Enter, or press ? or * to list all spells.
Casting: Dispersal (dangerous; 1% risk of failure)
Press: ? - help, Dir - look around, f - activate The tentacled monstrosity blinks! x2
The tentacled monstrosity completely misses you. x2
The tentacled monstrosity tentacle-slaps you!
You die...
Xom chortles!

Skill      XL: |  1  2  3  4  5  6  7  8  9 10 11 12 13 14 15 16 17 18 19 20 21 |
---------------+----------------------------------------------------------------+-----
Stealth        | 2 4 8 |  8.0
Unarmed Combat | 4 6 10 | 10.0
Translocations | 3 4 8 10 11 12 15 16 | 16.0
Shapeshifting  | 2 3 5 6 7 9 10 14 16 21 20 | 21.0
Fighting       | 5 6 7 10 12 15 16 17 19 | 19.2
Evocations     | 2 4 7 8 10 14 17 | 17.0
Dodging        | 5 6 11 13 18 | 18.0
Spellcasting   | 4 5 7 8 12 11 | 12.5
Air Magic      | 4 |  4.0
Summonings     | 6 10 12 14 15 17 18 | 18.5
Hexes          | 4 |  4.0

Action                     |  1- 3 |  4- 6 |  7- 9 | 10-12 | 13-15 | 16-18 | 19-21 || total
---------------------------+-------+-------+-------+-------+-------+-------+-------++-------
  Melee: Unarmed           |    98 |   200 |   173 |   816 |  1325 |  1753 |  2170 ||  6535
         Bite              |    10 |    15 |     3 |     2 |     5 |   146 |    48 ||   229
         Punch             |     1 |     6 |     2 |     1 |     4 |     4 |    67 ||    85
         Constrict         |       |     6 |    31 |    98 |   105 |    22 |       ||   262
         Headbutt          |       |       |       |       |       |       |    20 ||    20
   Cast: Blink             |       |     1 |     1 |     5 |     2 |    10 |     3 ||    22
         Manifold Assault  |       |       |       |   371 |   701 |   790 |   971 ||  2833
         Summon Forest     |       |       |       |     3 |    42 |    58 |    50 ||   153
         Swiftness         |       |       |       |     1 |       |       |       ||     1
         Summon Cactus Gia |       |       |       |       |    76 |   158 |    46 ||   280
         Dispersal         |       |       |       |       |     2 |    18 |    19 ||    39
         Summon Mana Viper |       |       |       |       |       |   150 |    74 ||   224
         Apportation       |       |       |       |       |       |     2 |     1 ||     3
         Passage of Golubr |       |       |       |       |       |     1 |    13 ||    14
         Malign Gateway    |       |       |       |       |       |       |    14 ||    14
         Passwall          |       |       |       |       |       |       |     3 ||     3
Ability: Begin Untransform |       |     1 |       |       |       |       |       ||     1
         Blinkbolt         |       |       |       |       |       |       |    10 ||    10
  Evoke: Wand              |       |     3 |     8 |     2 |     4 |    17 |    19 ||    53
         Phial of floods   |       |       |       |       |       |     2 |     1 ||     3
         Tin of tremorston |       |       |       |       |       |       |     2 ||     2
         Box of beasts     |       |       |       |       |       |       |     1 ||     1
    Use: Potion            |     3 |       |       |       |     1 |     5 |     9 ||    18
         Scroll            |       |     1 |     7 |     1 |    16 |     8 |    29 ||    62
   Stab: Sleeping          |    10 |    14 |     3 |     1 |     3 |     1 |    15 ||    47
         Distracted        |       |     3 |     1 |       |     6 |    13 |     7 ||    30
         Paralysed         |       |     1 |     7 |     7 |       |       |     2 ||    17
         Invisible         |       |       |       |       |       |     2 |     1 ||     3
         Confused          |       |       |       |       |       |     2 |     1 ||     3
 Armour: Skin              |     4 |     9 |    22 |    72 |   102 |   172 |   356 ||   737
  Dodge: Dodged            |    48 |   141 |   112 |   291 |   718 |  1565 |  2107 ||  4982
   Form: Anaconda          |       |     2 |     1 |     2 |     3 |       |       ||     8
                           |       |     1 |       |     2 |       |     4 |       ||     7
         Blade             |       |       |       |       |     3 |       |       ||     3
         Flux              |       |       |       |       |       |     2 |       ||     2
         Statue            |       |       |       |       |       |     7 |     2 ||     9
         Death             |       |       |       |       |       |     2 |       ||     2
         Storm             |       |       |       |       |       |       |     3 ||     3

Levels and vault maps discovered:
D:1:      pf_arrival_petrified_forest, layout_rooms, minmay_tetromino_l4
D:2:      layout_rooms, hellmonk_ecumenical_altar_lost_god
D:3:      layout_rooms, hex_medium
D:4:      minmay_bubble_buster, layout_loops_ring, mainiacjoe_overflow_alcove_4,
          uniq_crazy_yiuf_cottage
D:5:      layout_layer_cave, grunt_qazlal_sundering, lemuel_tele_altar,
          mainiacjoe_overflow_chevrons,
          nicolae_gozag_cash_rules_everything_around_me, uniq_sigmund
D:6:      layout_basic, mainiacjoe_overflow_surrounded_room,
          minmay_temple_entry_glassed_door, serial_shops, shop,
          portal_sewer_entry_b
D:7:      layout_gridville, nicolae_ashenzari_skybound,
          lightli_bailey_entry_fortress, kennysheep_nub, nicolae_shop_vocational
D:8:      layout_cave_pools
D:9:      layout_layer_cave, erik_lair_island, uniq_harold
D:10:     layout_basic, nicolae_hepliaklqana_ecumenical_no_more,
          zombieorc2_lemuel, serial_shops, nicolae_shop_tiny_statue_garden
D:11:     erik_cavepeople, layout_irregular_city
D:12:     layout_loops_ring
D:13:     layout_layer_cave, chequers_serial_rivers_room_b,
          nicolae_figureground_sparkle
D:14:     layout_basic, david_vaults_2, grunt_decor_mini_mirrors,
          gammafunk_ghost_ooze
D:15:     gammafunk_depths_entry_grave, layout_rooms
Lair:1:   minmay_guarded_unrand_snakebite, layout_gridlike, serial_bayou_shore_b
Lair:2:   layout_gridlike, grunt_forest_stairs_clearing
Lair:3:   layout_chaotic_city, nicolae_swamp_entry_splash_gauntlet,
          spider_nest_entry_web_field, gammafunk_ghost_necromancy,
          beast_lair_carwin_2
Lair:4:   layout_concentric_octagons, grunt_forest_large_clearings
Lair:5:   minmay_lair_end_frog_pond, layout_cave_pods, slime_entry_2,
          lemuel_fruit_tree
Swamp:1:  layout_basic_swamp, hangedman_swamp_ruin_wall
Swamp:2:  layout_basic_swamp, nicolae_swamp_rocky_clearing, uniq_donald
Swamp:3:  layout_basic_swamp, portal_ice_cave_entry_ugly_swarm,
          nicolae_swamp_stair_fork, uniq_nikola, uniq_louise
Swamp:4:  swamp_alternative, layout_basic_swamp
Spider:1: layout_spider_delve, uniq_azrael
Spider:2: layout_spider_delve
Spider:3: layout_spider_delve
Spider:4: grunt_spider_rune_circles, uniq_aizul, uniq_bai_suzhen, uniq_roxanne
Slime:1:  layout_caves
Slime:2:  layout_caves
Slime:3:  layout_caves
Slime:4:  layout_caves, special_room [special_room_jelly]
Slime:5:  slime_pit_nicolae_jellycorners
Orc:1:    layout_caves
Orc:2:    st_orc_rangers, layout_caves, special_room, nicolae_orc_bridge_out,
          nicolae_orc_rockfall
Elf:1:    layout_gridlike, minmay_elf_annihilation, lemuel_flamethrower_1
Elf:2:    elven_hall_of_blades_hangedman_alternative
          [nicolae_blade_entry_splitting_headache], layout_geoelf_octagon,
          serial_shops, shop, minivault_27, grunt_ministairs_1,
          nicolae_shop_gadgets
Elf:3:    minmay_elf_hall_statues, layout_rooms, serial_nicolae_subway,
          nicolae_sub_station_crystal, nicolae_sub_station_stone,
          nicolae_sub_station_metal
Vaults:1: nicolae_vaults_two_Ls, nicolae_vaults_storage_room_doors,
          nicolae_vaults_trapezoid_3, v_pattern_4, hangedman_vaults_nodes,
          st_squares, hangedman_vaults_impose, nicolae_vaults_twisting_passages,
          nicolae_vaults_storage_room_statues, nicolae_vaults_trapezoid_2,
          hangedman_vaults_impose, vaults_mumra_hex,
          nicolae_vaults_tetromino_Z_1, layout_vaults_ring
Vaults:2: vaults_mumra_chevron, minmay_crypt_entry_simple_walls,
          nicolae_vaults_steering_wheel, nicolae_vaults_trapezoid_lopsided_4,
          v_misc_33, v_alt_pattern_4, nicolae_vaults_house_3, serial_ice_m,
          nicolae_vaults_six-pack, ontoclasm_vaults_bender,
          nicolae_vaults_surprise_closet, nicolae_vaults_ring_of_whatevers,
          nicolae_vaults_little_squares_4, layout_vaults_big_cross,
          serial_shops, shop_statue
Vaults:3: portal_desolation_entry_salt, nicolae_vaults_turnstiles, v_misc_11,
          st_greater_box_4, nicolae_vaults_shelves_hall,
          nicolae_vaults_network_quinsquares
          [nicolae_vaults_network_quincunx_subvault,
          nicolae_vaults_network_quincunx_subvault,
          nicolae_vaults_network_quincunx_subvault,
          nicolae_vaults_network_quincunx_subvault],
          nicolae_vaults_trapezoid_lopsided_2, v_misc_1,
          nicolae_vaults_offset_grid_hallway_1,
          nicolae_vaults_shrinking_rooms_2, v_misc_30, ontoclasm_vaults_gateway,
          nicolae_vaults_ring_of_whatevers, v_misc_17, v_alt_pattern_4,
          layout_vaults_maze, serial_shops, shop
Vaults:4: nicolae_vaults_closet_pinwheel_1, ontoclasm_vaults_claustrophobia,
          nicolae_vaults_shock_wave, nicolae_vaults_swerve, v_misc_15, v_misc_9,
          nicolae_vaults_surprise_closet, hangedman_vaults_locks,
          nicolae_vaults_tetromino_T_2, nicolae_vaults_two_Ls,
          nicolae_vaults_tetromino_Z_1, nicolae_vaults_double_plus_1,
          nicolae_vaults_tetromino_L_1, nicolae_vaults_rhombus_5,
          layout_vaults_chaotic_city, serial_shops, nicolae_shop_rolling_square,
          nicolae_shop_getting_attention, nicolae_shop_tiny_glass
Depths:1: kennysheep_cluttered_fort, layout_basic, enter_ziggurat_f, hell_entry,
          hangedman_decor_diamond_cutter, nicolae_shop_clearance, uniq_sojobo
Depths:2: vault_1, layout_basic, rand_demon_pan_entry_4,
          hangedman_abyss_or_decor_stagger, abyss_entry, hell_entry,
          enter_trove_6, pdpol_wu_jian_five_deadly_venoms, minmay_shop_grove,
          uniq_josephina, uniq_saint_roka
Depths:3: minmay_dotted_concentric_squares, layout_small_grid, pan_entry,
          hell_entry, abyss_entry, onia_ninara_cookie,
          infiniplex_staircase_hallway_doors
Depths:4: evilmike_zot_entry_diamond, layout_gridville, grunt_decor_junction,
          pf_dread_powers_of_hell, minmay_shop_star
Zot:1:    layout_onion_interference, grunt_megastairs_2
Zot:2:    layout_gridville, lemuel_lake_of_fire
Zot:3:    dreamdust_zin_vs_xom, layout_gridlike
Zot:4:    nicolae_zot_stationary_front, layout_onion_interference,
          grunt_megastairs_1, uniq_vv
Zot:5:    layout_misc_corridors

Notes
Turn   | Place    | Note
-------+----------+-------------------------------------------
     0 | D:1      | Jackthecabe the Felid Chaos Knight began the quest for the
                  | Orb.
     0 | D:1      | Reached XP level 1. HP: 10/10 MP: 2/2
   127 | D:1      | Reached skill level 1 in Stealth
   128 | D:1      | XOM: butterfly on damage
   161 | D:1      | XOM: silly message
   175 | D:1      | Reached skill level 2 in Stealth
   201 | D:1      | Reached XP level 2. HP: 14/14 MP: 3/3
   236 | D:1      | XOM: divination: magic mapping
   273 | D:1      | XOM: confuse monster(s)
   575 | D:2      | Reached XP level 3. HP: 17/17 MP: 4/4
   578 | D:2      | Learned a level 2 spell: Blink
   668 | D:2      | Found a faded altar of an unknown god.
   699 | D:2      | Reached skill level 4 in Unarmed Combat
   711 | D:2      | XOM: potion effect (brilliance)
   718 | D:2      | Reached skill level 1 in Translocations
   732 | D:2      | Gained mutation: Your muscles are strong. (Str +4, Int/Dex
                  | -1) [potion of mutation]
   732 | D:2      | Gained mutation: You possess an exceptional clarity of
                  | mind. [potion of mutation]
   732 | D:2      | Gained mutation: You passively dampen the noise of your
                  | surroundings. [potion of mutation]
   736 | D:2      | Reached skill level 2 in Translocations
   781 | D:2      | XOM: 2-stop teleportation journey
   954 | D:2      | Reached skill level 3 in Translocations
  1027 | D:2      | XOM: cloud trail
  1144 | D:3      | Reached XP level 4. HP: 21/21 MP: 5/5
  1463 | D:3      | XOM: give mutations
  1463 | D:3      | Gained mutation: You are covered in thick fur. (AC +2)
                  | [Xom's grace]
  1463 | D:3      | Gained mutation: You are agile. (Dex +4, Str/Int -1) [Xom's
                  | grace]
  1586 | D:3      | XOM: divination: detect items
  1726 | D:4      | Reached skill level 4 in Translocations
  1726 | D:4      | Reached skill level 1 in Shapeshifting
  1820 | D:4      | XOM: noise
  2009 | D:4      | Reached skill level 2 in Shapeshifting
  2009 | D:4      | Reached XP level 5. HP: 16/24 MP: 6/6
  2018 | D:4      | XOM: 2-stop teleportation journey
  2070 | D:4      | XOM: 1-stop teleportation journey
  2145 | D:4      | Found a runed translucent door.
  2146 | D:4      | Noticed Crazy Yiuf
  2316 | D:3      | XOM: divination: magic mapping
  2385 | D:4      | XOM: silly message
  2516 | D:4      | XOM is BORED!
  2540 | D:4      | Reached skill level 3 in Shapeshifting
  2662 | D:4      | XOM: snakes to sticks
  2881 | D:4      | Found a bloodstained altar of Trog.
  3039 | D:5      | Entered Level 5 of the Dungeon
  3060 | D:5      | Noticed Sigmund
  3199 | D:5      | Mutation became permanent: You are covered in fur. (AC +1)
                  | [Felid growth]
  3199 | D:5      | Gained mutation: You are covered in thick fur. (AC +2)
                  | [Felid growth]
  3199 | D:5      | Reached XP level 6. HP: 28/28 MP: 7/7
  3343 | D:5      | Found a hide-covered altar of Uskayaw.
  3576 | D:5      | Found a white marble altar of Elyvilon.
  3587 | D:5      | You are sucked into a shaft and drop 2 floors!
  3628 | D:7      | Found a flagged portal.
  3663 | Bailey   | Entered a bailey
  3720 | Bailey   | Reached skill level 4 in Shapeshifting
  3831 | Bailey   | XOM: god gift: 5 stones
  4220 | Bailey   | Noticed an orc warrior
  4366 | Bailey   | HP: 1/16 [gnoll/+0 halberd of draining (5)]
  4495 | D:7      | XOM: silly message
  4592 | D:6      | Noticed an orc warrior
  4644 | D:6      | Found a staircase to the Ecumenical Temple.
  4649 | D:6      | Noticed an orc warrior
  4661 | D:6      | XOM: potion effect (haste)
  4678 | D:6      | Noticed a steam dragon
  4764 | D:6      | Found a glowing golden altar of the Shining One.
  4775 | D:6      | Reached skill level 5 in Shapeshifting
  4776 | D:6      | XOM: noise
  4830 | D:6      | XOM: silly message
  4839 | D:6      | XOM: divination: detect creatures
  4930 | D:6      | XOM: enchant monster (good)
  4938 | D:6      | Reached XP level 7. HP: 15/31 MP: 8/8
  5057 | D:6      | XOM: cast spell 'Summon Mana Viper'
  5063 | D:6      | Killed a steam dragon
  5064 | D:6      | Reached skill level 6 in Shapeshifting
  5117 | D:6      | Reached skill level 4 in Fighting
  5141 | D:6      | XOM: silly message
  5298 | D:6      | Found Xuakamydgh's Armour Emporium.
  5605 | D:6      | XOM: silly message
  5635 | D:6      | XOM: silly message
  5756 | D:6      | XOM: silly message
  5760 | D:6      | Reached skill level 5 in Fighting
  5763 | D:6      | XOM: divination: detect items
  5984 | D:7      | XOM: silly message
  5990 | D:7      | Reached XP level 8. HP: 28/38 MP: 9/9
  6025 | D:7      | Reached skill level 6 in Fighting
  6025 | D:7      | Reached skill level 1 in Evocations
  6035 | D:7      | a gnoll changed into a glowing shapeshifter
  6035 | D:7      | Noticed a glowing shapeshifter (glowing shapeshifter)
  6035 | D:7      | XOM: polymorph gnoll -> glowing shapeshifter
  6035 | D:7      | a glowing shapeshifter changed into a sea snake
  6035 | D:7      | Noticed a sea snake (glowing shapeshifter)
  6044 | D:7      | Killed a sea snake
  6045 | D:7      | Reached skill level 2 in Evocations
  6045 | D:7      | Reached skill level 4 in Stealth
  6045 | D:7      | Reached skill level 6 in Unarmed Combat
  6282 | D:7      | XOM: cast spell 'Disjunction'
  6357 | D:7      | Found a broken altar of Ashenzari.
  6405 | D:7      | XOM: summons friendly crimson imp
  6413 | D:7      | Reached skill level 7 in Shapeshifting
  6413 | D:7      | Reached XP level 9. HP: 17/41 MP: 10/10
  6440 | D:7      | XOM: god gift: pair of boots {god gift}
  6794 | D:7      | Found Cauddo's Vocational Training.
  7123 | D:8      | Reached skill level 8 in Shapeshifting
  7210 | D:8      | XOM: noise
  7298 | D:8      | XOM: potion effect (berserk rage)
  7333 | D:8      | XOM: draining
  7371 | D:8      | Reached skill level 9 in Shapeshifting
  7505 | D:8      | Reached skill level 5 in Translocations
  7511 | D:8      | XOM: enchant monster (bad)
  7531 | D:8      | XOM: confuse monster(s)
  7532 | D:8      | a yak changed into a fire crab
  7532 | D:8      | Noticed a fire crab
  7532 | D:8      | XOM: polymorph yak -> fire crab
  7536 | D:8      | XOM: cast spell 'Summon Dragon'
  7545 | D:8      | Reached skill level 6 in Translocations
  7545 | D:8      | Killed a fire crab
  7546 | D:8      | Reached skill level 8 in Translocations
  7546 | D:8      | Reached skill level 4 in Dodging
  7574 | D:8      | XOM: cloud trail
  7602 | D:8      | XOM: summons 1 hostile demon
  7714 | D:8      | Identified the ring of Weteok {Int+6 Slay+3}
  7778 | D:8      | Learned a level 4 spell: Manifold Assault
  7795 | D:8      | XOM: smoke on damage
  7797 | D:8      | Reached skill level 5 in Dodging
  8017 | D:9      | Noticed a two-headed ogre
  8086 | D:9      | Noticed a catoblepas
  8205 | D:9      | Reached XP level 10. HP: 45/45 MP: 11/11
  8250 | D:9      | Noticed a two-headed ogre
  8279 | D:9      | XOM: polymorph gnoll -> killer bee
  8439 | D:9      | XOM: 4-stop teleportation journey
  8440 | D:9      | XOM: stat loss: -1 Str (15/16)
  8504 | D:9      | Reached skill level 6 in Dodging
  8655 | D:8      | XOM: summons 5 hostile demons
  8835 | D:9      | Reached skill level 1 in Spellcasting
  8966 | D:9      | XOM: 2-stop teleportation journey
  9015 | D:9      | Reached skill level 2 in Spellcasting
  9110 | D:9      | Found a staircase to the Lair.
  9114 | D:9      | XOM: 1-stop teleportation journey
  9183 | D:9      | XOM: summons friendly iron imp
  9184 | D:9      | XOM: scenery: create altars
  9196 | D:9      | Killed a catoblepas
  9197 | D:9      | Reached skill level 4 in Spellcasting
  9358 | D:9      | Noticed Harold
  9358 | D:9      | XOM: swap monsters
  9370 | D:9      | XOM: blink monster(s)
  9474 | D:8      | Learned a level 3 spell: Swiftness
  9481 | D:8      | Learned a level 6 spell: Dispersal
  9671 | D:9      | XOM: give mutations
  9671 | D:9      | Gained mutation: You are very agile. (Dex +8, Str/Int -2)
                  | [Xom's mischief]
  9671 | D:9      | Lost mutation: Your muscles are strong. (Str +4, Int/Dex
                  | -1) [Xom's mischief]
  9671 | D:9      | Gained mutation: You are vulnerable to cold. (rC-) [Xom's
                  | mischief]
  9671 | D:9      | Lost mutation: You are very agile. (Dex +8, Str/Int -2)
                  | [Xom's mischief]
  9687 | D:9      | Noticed a two-headed ogre
  9747 | D:9      | XOM is BORED!
  9801 | D:9      | Reached skill level 1 in Air Magic
  9983 | D:9      | XOM: 1-stop teleportation journey
 10022 | D:9      | XOM: cloud trail
 10281 | D:9      | XOM: 4-stop teleportation journey
 10356 | D:9      | XOM: confuse monster(s)
 10356 | D:9      | Killed a two-headed ogre
 10357 | D:9      | Reached skill level 9 in Translocations
 10357 | D:9      | Reached skill level 2 in Air Magic
 10491 | D:9      | XOM: draining
 11360 | D:10     | XOM: stealth player
 11360 | D:10     | Entered Level 10 of the Dungeon
 11363 | D:10     | XOM: destruction
 11370 | D:10     | Reached skill level 3 in Air Magic
 11375 | D:9      | Reached skill level 10 in Translocations
 11429 | D:9      | XOM: scenery: summon butterflies
 11449 | D:10     | XOM: polymorph yak -> black bear
 11614 | D:10     | Reached skill level 4 in Air Magic
 11769 | D:10     | XOM: divination: detect items
 11894 | D:10     | XOM: noise
 11919 | D:10     | Reached skill level 7 in Fighting
 12454 | D:10     | Reached XP level 11. HP: 50/50 MP: 18/18
 13081 | D:10     | Found Unnuol's Distillery.
 13081 | D:10     | Found a staircase to the Orcish Mines.
 13081 | D:10     | XOM: 8-stop teleportation journey
 13095 | D:10     | XOM: confuse monster(s)
 13287 | D:9      | XOM: give mutation
 13287 | D:9      | Gained mutation: You have a somewhat thin skeletal
                  | structure. (Dex +2, Stealth+) [Xom's grace]
 13327 | D:9      | XOM: noise
 13338 | D:10     | Reached skill level 8 in Fighting
 13440 | D:10     | XOM: cleaving
 13877 | D:10     | Bought a potion of resistance for 120 gold pieces
 13877 | D:10     | Bought a potion of might for 48 gold pieces
 13877 | D:10     | Bought a potion of brilliance for 48 gold pieces
 13877 | D:10     | Bought a potion of degeneration for 12 gold pieces
 13877 | D:10     | Bought a potion of curing for 36 gold pieces
 13890 | D:10     | XOM: silly message
 14067 | D:10     | XOM: potion effect (magic)
 14138 | D:10     | XOM: god gift: leather armour {god gift}
 14278 | D:10     | XOM: give mutations
 14278 | D:10     | Gained mutation: You have a pair of small antennae on your
                  | head. [Xom's mischief]
 14278 | D:10     | Gained mutation: You occasionally lose the ability to drink
                  | potions when taking damage. [Xom's mischief]
 14417 | D:10     | XOM: give mutations
 14417 | D:10     | Gained mutation: Your flesh is heat resistant. (rF+) [Xom's
                  | grace]
 14417 | D:10     | Gained mutation: A frigid envelope surrounds you and
                  | freezes all who hurt you. [Xom's grace]
 14433 | D:10     | Found a faded altar of an unknown god.
 14438 | D:10     | Found a faded altar of an unknown god.
 14439 | D:10     | Found a hazy altar of Hepliaklqana.
 14754 | D:10     | XOM is BORED!
 14840 | D:11     | Reached skill level 9 in Fighting
 15082 | D:11     | XOM: enchant monster (good)
 15092 | D:11     | Xom revived you
 15347 | D:11     | XOM: scenery: 1 doors open, 1 doors close
 15358 | D:11     | XOM: summons friendly shadow imp
 15627 | D:11     | XOM: scenery: 1 doors open
 16042 | D:11     | XOM: noise
 16130 | D:10     | Reached skill level 10 in Fighting
 16241 | D:11     | XOM: god gift: orcbow {god gift}
 16386 | D:11     | XOM: scenery: summon butterflies
 16388 | D:11     | XOM: cleaving
 16538 | D:11     | XOM: divination: detect creatures
 16961 | D:11     | Reached skill level 1 in Summonings
 17088 | D:11     | Reached skill level 2 in Summonings
 17217 | D:11     | XOM: polymorph hound -> bullfrog
 17441 | D:11     | Reached skill level 5 in Spellcasting
 17441 | D:11     | Reached skill level 3 in Summonings
 17493 | D:11     | XOM: silly message
 17571 | D:11     | Reached skill level 4 in Summonings
 17710 | D:11     | Noticed Jessica
 17719 | D:11     | Learned a level 5 spell: Summon Forest
 17727 | D:11     | Killed Jessica
 17826 | D:11     | XOM: give mutations
 17826 | D:11     | Gained mutation: You have a pair of antennae on your head.
                  | [Xom's grace]
 17826 | D:11     | Gained mutation: Your skin changes colour to match your
                  | surroundings (Stealth+). [Xom's grace]
 17826 | D:11     | Gained mutation: Your spells are a little harder to cast,
                  | but a little more powerful. [Xom's grace]
 17826 | D:11     | Gained mutation: You are somewhat resistant to further
                  | mutation. [Xom's grace]
 17983 | D:11     | XOM: god gift: 33 gold pieces
 18107 | Lair:1   | XOM: stealth player
 18107 | Lair:1   | Entered Level 1 of the Lair of Beasts
 18239 | Lair:1   | XOM: god gift: sack of spiders
 18285 | Lair:1   | Reached skill level 5 in Summonings
 18345 | D:9      | XOM: give mutation
 18345 | D:9      | Lost mutation: You have a somewhat thin skeletal structure.
                  | (Dex +2, Stealth+) [Xom's mischief]
 18704 | Lair:1   | XOM: 1-stop teleportation journey
 18926 | Lair:1   | Reached skill level 6 in Summonings
 19116 | Lair:1   | XOM: cloud trail
 19170 | Lair:1   | Reached skill level 3 in Evocations
 19242 | Lair:1   | XOM: cast spell 'Summon Horrible Things'
 19342 | Lair:1   | Reached skill level 4 in Evocations
 19342 | Lair:1   | Gained mutation: Your thick and shaggy fur keeps you warm.
                  | (AC +3, rC+) [Felid growth]
 19342 | Lair:1   | Reached XP level 12. HP: 54/58 MP: 3/20
 19393 | Lair:1   | XOM: god gift: scroll of immolation
 19508 | Lair:1   | XOM: 3-stop teleportation journey
 19662 | Lair:1   | XOM: summons friendly crimson imp
 19675 | Lair:1   | Reached skill level 7 in Summonings
 20249 | Lair:1   | XOM: noise
 20251 | Lair:1   | XOM: noise
 20405 | Lair:1   | Reached skill level 8 in Summonings
 20442 | Lair:1   | Found the +8 whip "Snakebite" {venom, curare, rPois}
 20666 | Lair:2   | XOM: scenery: summon butterflies
 20835 | Lair:2   | XOM: 1-stop teleportation journey
 20868 | Lair:2   | Reached skill level 9 in Summonings
 21003 | Lair:2   | XOM: god gift: 23 gold pieces
 21054 | Lair:2   | XOM is BORED!
 21054 | Lair:2   | XOM: enchant monster (bad)
 21081 | Lair:2   | XOM: 1-stop teleportation journey
 21167 | Lair:2   | XOM: confuse monster(s)
 21365 | Lair:2   | XOM: noise
 21377 | Lair:2   | Reached skill level 10 in Summonings
 21452 | Lair:2   | XOM: give mutations
 21452 | Lair:2   | Lost mutation: You possess an exceptional clarity of mind.
                  | [Xom's mischief]
 21452 | Lair:2   | Lost mutation: You passively dampen the noise of your
                  | surroundings. [Xom's mischief]
 21452 | Lair:2   | Lost mutation: Your skin changes colour to match your
                  | surroundings (Stealth+). [Xom's mischief]
 21452 | Lair:2   | Lost mutation: You are somewhat resistant to further
                  | mutation. [Xom's mischief]
 21466 | Lair:2   | XOM: polymorph komodo dragon -> shapeshifter
 21564 | Lair:2   | Reached skill level 7 in Dodging
 21639 | Lair:2   | XOM: butterfly on damage
 21716 | Lair:2   | Reached skill level 8 in Dodging
 21856 | Lair:2   | XOM: 7-stop teleportation journey
 21915 | Lair:2   | Reached skill level 9 in Dodging
 21986 | Lair:2   | XOM: polymorph yak -> fire crab
 22296 | Lair:2   | XOM: enchant monster (bad)
 22351 | Lair:2   | Reached skill level 10 in Dodging
 22834 | Lair:3   | XOM: enchant monster (good)
 22844 | Lair:3   | XOM: cleaving
 22853 | Lair:3   | Reached skill level 11 in Dodging
 22854 | Lair:3   | Reached XP level 13. HP: 61/61 MP: 8/21
 22863 | Lair:3   | Reached skill level 12 in Dodging
 22960 | Lair:3   | Found a runed translucent gate.
 22962 | Lair:3   | Found a runed translucent gate.
 22962 | Lair:3   | Found a runed translucent gate.
 22966 | Lair:3   | Noticed Viapecw's ghost (journeyman TrBe)
 22994 | Lair:3   | XOM is BORED!
 23063 | Lair:3   | XOM: polymorph elephant -> culicivora
 23132 | Lair:3   | XOM: divination: magic mapping
 23136 | Lair:3   | Reached skill level 13 in Dodging
 23272 | Lair:3   | XOM: 3-stop teleportation journey
 23582 | Lair:2   | XOM: 1-stop teleportation journey
 23703 | Lair:3   | Found a hole to the Spider Nest.
 23726 | Lair:3   | XOM: 2-stop teleportation journey
 23879 | Lair:3   | XOM: summons 3 hostile demons
 24100 | Lair:3   | Found a staircase to the Swamp.
 24146 | Lair:3   | XOM: 8-stop teleportation journey
 24322 | Lair:4   | Reached skill level 6 in Spellcasting
 24377 | Lair:4   | XOM: give mutations
 24377 | Lair:4   | Gained mutation: You possess an exceptional clarity of
                  | mind. [Xom's grace]
 24377 | Lair:4   | Gained mutation: You are robust. (+10% HP) [Xom's grace]
 24481 | Lair:4   | XOM: fog
 24808 | Lair:4   | Reached skill level 7 in Spellcasting
 24981 | Lair:3   | Learned a level 6 spell: Summon Cactus Giant
 25018 | Lair:4   | XOM: cloud trail
 25041 | Lair:4   | XOM: enchant monster (bad)
 25148 | Lair:4   | XOM: silly message
 25243 | Lair:4   | XOM: give mutation
 25243 | Lair:4   | Gained mutation: You are strong-willed. (Will+) [Xom's
                  | grace]
 25673 | Lair:5   | Entered Level 5 of the Lair of Beasts
 25906 | Lair:5   | Reached skill level 11 in Summonings
 26065 | Lair:5   | XOM: noise
 26379 | Lair:5   | Found a runed translucent door.
 26380 | Lair:5   | Noticed an acid blob
 26380 | Lair:5   | Noticed an acid blob
 26381 | Lair:5   | Found a staircase to the Slime Pits.
 26501 | Lair:5   | XOM: scenery: 1 doors open
 26677 | Lair:5   | XOM: butterfly on damage
 26862 | Lair:5   | XOM: silly message
 26875 | Lair:5   | XOM: polymorph blink frog -> meliai
 26948 | Lair:5   | Killed an acid blob
 26949 | Lair:5   | Reached skill level 12 in Summonings
 27068 | Lair:4   | XOM: summons 1 hostile shadow creature
 27095 | Lair:5   | XOM: fog
 27396 | Lair:5   | XOM: enchant monster (good)
 27895 | Lair:5   | Reached skill level 11 in Translocations
 28139 | Lair:5   | Killed an acid blob
 28140 | Lair:5   | Reached XP level 14. HP: 72/72 MP: 3/25
 28187 | Lair:5   | Reached skill level 12 in Translocations
 28239 | Lair:5   | XOM: noise
 28378 | Lair:5   | XOM: scenery: create altars
 28639 | Lair:5   | XOM: summons 3 friendly demons
 28651 | Lair:5   | XOM: summons friendly ufetubus
 28654 | Lair:5   | XOM: polymorph ufetubus -> white imp
 28822 | Lair:5   | HP: 8/86 [poisoned by a cane toad]
 29012 | Lair:4   | XOM: silly message
 29121 | Lair:5   | XOM is BORED!
 29121 | Lair:5   | XOM: polymorph dryad -> manticore
 29137 | Lair:5   | XOM: divination: detect items
 29140 | Lair:5   | Reached skill level 13 in Summonings
 29152 | Lair:5   | XOM: smoke on damage
 29230 | Lair:5   | XOM: silly message
 29474 | Lair:5   | Identified a scroll of acquirement
 29479 | Lair:5   | Acquired a book of the Moon
 29688 | D:10     | XOM: polymorph dryad -> sea snake
 29728 | Orc:1    | Entered Level 1 of the Orcish Mines
 29981 | Orc:1    | XOM: silly message
 30294 | Orc:2    | Entered Level 2 of the Orcish Mines
 30355 | Orc:2    | XOM: enchant monster (good)
 30538 | Orc:2    | Reached skill level 14 in Summonings
 30658 | Orc:2    | XOM: summons friendly crimson imp
 30809 | Orc:1    | XOM: summons 8 hostile demons
 30813 | Orc:1    | HP: 6/86 [sun demon[Xom] (18)]
 30824 | Orc:1    | XOM: polymorph orc wizard -> shapeshifter
 31099 | Orc:2    | XOM: chaos upgrade
 31839 | Orc:2    | Reached skill level 11 in Fighting
 31858 | Orc:2    | Found a staircase to the Elven Halls.
 32008 | Orc:2    | XOM: give mutations
 32008 | Orc:2    | Lost mutation: You occasionally lose the ability to drink
                  | potions when taking damage. [Xom's mischief]
 32008 | Orc:2    | Gained mutation: Your muscles are strong. (Str +4, Int/Dex
                  | -1) [Xom's mischief]
 32008 | Orc:2    | Lost mutation: Your spells are a little harder to cast, but
                  | a little more powerful. [Xom's mischief]
 32008 | Orc:2    | Lost mutation: Your muscles are strong. (Str +4, Int/Dex
                  | -1) [Xom's mischief]
 32066 | Orc:2    | Found Gelak's Assorted Antiques.
 32066 | Orc:2    | Found Licseimp's Jewellery Shoppe.
 32066 | Orc:2    | Found Coimam's Assorted Antiques.
 32069 | Orc:2    | Found Yttuq's Assorted Antiques.
 32081 | Orc:2    | Bought a scroll of identify for 40 gold pieces
 32230 | Orc:2    | Bought a phial of floods for 800 gold pieces
 32230 | Orc:2    | Bought a box of beasts for 800 gold pieces
 32413 | D:11     | XOM: god gift: glowing sling {god gift}
 32490 | D:12     | XOM: polymorph cactus giant -> wandering mushroom
 32751 | D:11     | XOM: give mutations
 32751 | D:11     | Gained mutation: Your magical capacity is low. (-10% MP)
                  | [Xom's mischief]
 32751 | D:11     | Gained mutation: Your mind is acute. (Int +4, Str/Dex -1)
                  | [Xom's mischief]
 32751 | D:11     | Lost mutation: Your flesh is heat resistant. (rF+) [Xom's
                  | mischief]
 33040 | D:12     | Reached skill level 12 in Fighting
 33081 | D:12     | XOM: give mutations
 33081 | D:12     | Lost mutation: You have a pair of antennae on your head.
                  | [Xom's mischief]
 33081 | D:12     | Lost mutation: You possess an exceptional clarity of mind.
                  | [Xom's mischief]
 33081 | D:12     | Lost mutation: Your magical capacity is low. (-10% MP)
                  | [Xom's mischief]
 33638 | D:13     | XOM: chaos upgrade
 33643 | D:13     | Reached skill level 5 in Evocations
 33842 | D:12     | XOM: silly message
 34062 | D:13     | XOM: 2-stop teleportation journey
 34224 | D:13     | XOM: 3-stop teleportation journey
 34307 | D:13     | Reached skill level 6 in Evocations
 34335 | D:13     | XOM: 1-stop teleportation journey
 34700 | D:13     | XOM: god gift: 7 stones
 34717 | D:13     | XOM: 3-stop teleportation journey
 34898 | D:13     | XOM is BORED!
 34898 | D:13     | XOM: stat loss: -1 Int (26/27)
 35255 | D:14     | Reached skill level 7 in Evocations
 35255 | D:14     | Reached XP level 15. HP: 79/79 MP: 14/26
 35262 | D:14     | HP: 1/94 [efreet/bolt of fire (36)]
 35725 | D:14     | Reached skill level 8 in Evocations
 36631 | D:14     | Found a runed translucent gate.
 36631 | D:14     | Found a runed translucent gate.
 36631 | D:14     | Found a runed translucent gate.
 36633 | D:14     | Noticed an azure jelly
 36634 | D:14     | Noticed Feuw's ghost (journeyman MfSh)
 36943 | D:14     | Reached skill level 13 in Fighting
 37075 | D:14     | Found a gate to the Vaults.
 37081 | D:14     | XOM: divination: detect items
 37220 | D:15     | Entered Level 15 of the Dungeon
 37272 | D:15     | XOM: summons 2 friendly demons
 37390 | D:15     | XOM: give mutations
 37390 | D:15     | Gained mutation: You passively map a small area around you.
                  | [Xom's grace]
 37390 | D:15     | Gained mutation: Your mind is very acute. (Int +8, Str/Dex
                  | -2) [Xom's grace]
 37390 | D:15     | Gained mutation: You have an increased reservoir of magic.
                  | (+10% MP) [Xom's grace]
 37465 | D:15     | XOM: god gift: glowing orange potion {god gift}
 37523 | D:15     | XOM: cloud trail
 38001 | D:15     | XOM: god gift: scroll of teleportation
 38006 | D:15     | XOM: give mutations
 38006 | D:15     | Lost mutation: You are strong-willed. (Will+) [Xom's
                  | mischief]
 38006 | D:15     | Lost mutation: Your mind is very acute. (Int +8, Str/Dex
                  | -2) [Xom's mischief]
 38006 | D:15     | Gained mutation: You possess an exceptional clarity of
                  | mind. [Xom's mischief]
 38180 | D:15     | XOM: blink monster(s)
 38212 | D:15     | Reached skill level 14 in Fighting
 38389 | D:15     | Found a staircase to the Depths.
 38585 | D:15     | XOM: give mutations
 38585 | D:15     | Gained mutation: You expend magic power (3 MP) to
                  | strengthen your wands. [Xom's grace]
 38585 | D:15     | Gained mutation: Your flesh is heat resistant. (rF+) [Xom's
                  | grace]
 38585 | D:15     | Gained mutation: You are partially covered in iridescent
                  | scales. (AC +2) [Xom's grace]
 38585 | D:15     | Gained mutation: You passively map the area around you.
                  | [Xom's grace]
 38636 | D:15     | XOM: summons 1 hostile shadow creature
 38831 | D:15     | Identified a scarf of resistance
 39136 | D:5      | XOM: 2-stop teleportation journey
 39170 | D:5      | Killed Sigmund
 39188 | D:5      | XOM: god gift: ancient brass ring {god gift}
 39188 | D:5      | Identified the ring "Vas Ciafash" {Wiz Drain rPois rC++
                  | Int+3} (Xom gifted it to you on level 5 of the Dungeon)
 39208 | D:5      | Found an opulent altar of Gozag.
 39346 | D:5      | Found a stormy altar of Qazlal.
 39972 | D:4      | Killed Crazy Yiuf
 40508 | D:9      | Killed Harold
 40596 | D:9      | Found a shimmering altar of Xom.
 40779 | D:9      | Found a staircase to the Lair.
 41155 | D:9      | XOM: god gift: 12 gold pieces
 41501 | Swamp:1  | Entered Level 1 of the Swamp
 41720 | Swamp:1  | XOM: 5-stop teleportation journey
 41724 | Swamp:1  | XOM: fog
 41726 | Swamp:1  | XOM: butterfly on damage
 41864 | Lair:3   | XOM: give mutations
 41864 | Lair:3   | Lost mutation: Your mind is acute. (Int +4, Str/Dex -1)
                  | [Xom's mischief]
 41864 | Lair:3   | Lost mutation: A frigid envelope surrounds you and freezes
                  | all who hurt you. [Xom's mischief]
 41864 | Lair:3   | Lost mutation: You are partially covered in iridescent
                  | scales. (AC +2) [Xom's mischief]
 41864 | Lair:3   | Lost mutation: Your flesh is heat resistant. (rF+) [Xom's
                  | mischief]
 42080 | Swamp:1  | a four-headed hydra changed into an emperor scorpion
 42080 | Swamp:1  | Noticed an emperor scorpion
 42080 | Swamp:1  | XOM: polymorph four-headed hydra -> emperor scorpion
 42088 | Swamp:1  | Killed an emperor scorpion
 42248 | Swamp:1  | Reached skill level 8 in Spellcasting
 42478 | Swamp:1  | Reached skill level 15 in Fighting
 42972 | Swamp:1  | XOM: cloud trail
 43138 | Swamp:2  | Found the dreamshard necklace {Acrobat *Dream}
 43573 | Swamp:2  | XOM: noise
 43631 | Swamp:2  | Noticed Donald
 43683 | Swamp:2  | XOM: scenery: summon butterflies
 44301 | Swamp:3  | XOM: noise
 44484 | Swamp:3  | Noticed Nikola
 44485 | Swamp:3  | XOM: potion effect (brilliance)
 44555 | Swamp:3  | Reached XP level 16. HP: 81/86 MP: 15/31
 44564 | Swamp:3  | Learned a level 5 spell: Summon Mana Viper
 44742 | Swamp:3  | Killed Nikola
 44949 | Swamp:3  | XOM: cast spell 'Discord'
 44985 | Swamp:3  | Noticed a thorn hunter
 45001 | Swamp:3  | Killed a thorn hunter
 45002 | Swamp:3  | Reached skill level 16 in Fighting
 45308 | Swamp:3  | XOM: cleaving
 45351 | Swamp:3  | Paralysed by a hornet for 2 turns
 45538 | Swamp:3  | Noticed a thorn hunter
 45549 | Swamp:3  | Killed a thorn hunter
 45550 | Swamp:3  | Reached skill level 7 in Unarmed Combat
 45799 | Swamp:3  | XOM: god gift: broad axe {god gift}
 45902 | Swamp:3  | Noticed Louise
 46076 | Swamp:2  | XOM: summons friendly shadow imp
 46310 | Swamp:3  | Reached skill level 8 in Unarmed Combat
 46433 | Swamp:2  | XOM: cloud trail
 46583 | Swamp:2  | XOM: cloud trail
 46929 | Swamp:4  | Entered Level 4 of the Swamp
 47189 | Swamp:3  | XOM: scenery: summon butterflies
 47500 | Swamp:4  | Reached skill level 9 in Unarmed Combat
 48031 | Swamp:4  | Reached skill level 10 in Unarmed Combat
 48289 | Swamp:4  | XOM: divination: detect items
 48358 | Swamp:3  | Killed Louise
 48541 | Swamp:4  | Got a decaying rune of Zot
 48567 | Swamp:4  | Reached skill level 13 in Translocations
 48614 | Swamp:4  | XOM is BORED!
 48614 | Swamp:4  | XOM: give mutations
 48614 | Swamp:4  | Lost mutation: You are agile. (Dex +4, Str/Int -1) [Xom's
                  | mischief]
 48614 | Swamp:4  | Lost mutation: You have an increased reservoir of magic.
                  | (+10% MP) [Xom's mischief]
 48614 | Swamp:4  | Gained mutation: You are dopey. (Int -2) [Xom's mischief]
 48618 | Swamp:4  | XOM: scenery: summon butterflies
 48665 | Swamp:4  | XOM: god gift: 44 gold pieces
 49001 | Spider:1 | Entered Level 1 of the Spider Nest
 49032 | Spider:1 | Reached skill level 14 in Translocations
 49100 | Spider:1 | XOM: summons friendly quasit
 49170 | Spider:1 | XOM: cloud trail
 49408 | Spider:1 | XOM: scenery: summon butterflies
 49559 | Spider:1 | XOM: give mutations
 49559 | Spider:1 | Gained mutation: You are agile. (Dex +4, Str/Int -1) [Xom's
                  | grace]
 49559 | Spider:1 | Gained mutation: You are very agile. (Dex +8, Str/Int -2)
                  | [Xom's grace]
 49623 | Spider:1 | XOM: scenery: summon butterflies
 49717 | Spider:1 | XOM is BORED!
 49717 | Spider:1 | XOM: draining
 49945 | Spider:1 | Noticed Azrael
 49948 | Spider:1 | Killed Azrael
 49951 | Spider:1 | Reached skill level 9 in Spellcasting
 50167 | Spider:1 | XOM: 9-stop teleportation journey
 50403 | Spider:1 | XOM: scenery: create altars
 50409 | Spider:1 | XOM: give mutations
 50409 | Spider:1 | Lost mutation: You possess an exceptional clarity of mind.
                  | [Xom's mischief]
 50409 | Spider:1 | Lost mutation: You passively map the area around you.
                  | [Xom's mischief]
 50409 | Spider:1 | Gained mutation: You have hidden genetic defects. [Xom's
                  | mischief]
 50677 | Spider:1 | XOM: 1-stop teleportation journey
 51284 | Spider:2 | XOM: polymorph steelbarb worm -> harpy
 51295 | Spider:2 | XOM: polymorph tarantella -> tarantella
 51505 | Spider:1 | XOM: cloud trail
 51570 | Spider:2 | XOM: give mutation
 51570 | Spider:2 | Gained mutation: Your muscles are strong. (Str +4, Int/Dex
                  | -1) [Xom's grace]
 51633 | Spider:2 | XOM: cloud trail
 51870 | Spider:2 | XOM is BORED!
 51870 | Spider:2 | XOM: 1-stop teleportation journey
 51962 | Spider:2 | XOM: give mutation
 51962 | Spider:2 | Gained mutation: You passively map the area around you.
                  | [Xom's grace]
 52018 | Spider:2 | XOM: potion effect (might)
 52032 | Spider:2 | Reached skill level 10 in Spellcasting
 52039 | Spider:2 | Reached XP level 17. HP: 83/94 MP: 3/32
 53031 | Spider:2 | XOM: silly message
 53257 | Spider:2 | XOM is BORED!
 53377 | Spider:2 | Gained mutation: You occasionally shout uncontrollably at
                  | your foes. [hidden defects]
 54046 | Spider:2 | XOM: god gift: 30 gold pieces
 54222 | Spider:2 | XOM: summons 5 hostile demons
 54544 | Spider:2 | Reached skill level 11 in Spellcasting
 54546 | Spider:2 | Learned a level 1 spell: Apportation
 54551 | Spider:2 | Learned a level 4 spell: Passage of Golubria
 54690 | Spider:2 | XOM: polymorph steelbarb worm -> unseen horror
 55045 | Spider:2 | XOM: scenery: create altars
 55886 | Spider:2 | XOM: divination: detect items
 56043 | Spider:2 | XOM: divination: detect creatures
 56276 | Spider:3 | XOM: potion effect (attraction)
 56282 | Spider:2 | HP: 7/94 [entropy weaver (17)]
 56287 | Spider:2 | HP: 4/94 [entropy weaver (15)]
 56287 | Spider:2 | Mangled by an entropy weaver
 56288 | Spider:2 | Reached XP level 16. HP: -8/90 MP: 1/32
 56305 | Spider:2 | Reached skill level 9 in Evocations
 57085 | Spider:3 | XOM: silly message
 57152 | Spider:3 | XOM: silly message
 57189 | Spider:3 | XOM: noise
 57434 | Spider:3 | XOM: silly message
 57744 | Spider:4 | Entered Level 4 of the Spider Nest
 57751 | Spider:4 | Reached skill level 10 in Evocations
 57753 | Spider:4 | Gained mutation: You occasionally lose the ability to drink
                  | potions when taking damage. [hidden defects]
 57753 | Spider:4 | Lost mutation: You have hidden genetic defects. [hidden
                  | defects expressed]
 57768 | Spider:4 | HP: 7/90 [culicivora (19)]
 57768 | Spider:4 | XOM: confuse monster(s)
 58149 | Spider:4 | Noticed Aizul
 58149 | Spider:4 | XOM: divination: detect creatures
 58663 | Spider:3 | XOM: silly message
 58780 | Spider:4 | Killed Aizul
 58812 | Spider:3 | XOM: noise
 58933 | Spider:3 | Reached skill level 12 in Spellcasting
 59019 | Spider:4 | Reached skill level 5 in Stealth
 59150 | Spider:4 | XOM: summons 6 friendly demons
 59179 | Spider:4 | XOM: scenery: summon butterflies
 59366 | Spider:3 | XOM: give mutations
 59366 | Spider:3 | Gained mutation: You possess an exceptional clarity of
                  | mind. [Xom's grace]
 59366 | Spider:3 | Gained mutation: You are partially covered in iridescent
                  | scales. (AC +2) [Xom's grace]
 59370 | Spider:3 | XOM: enchant monster (bad)
 59377 | Spider:3 | Reached skill level 6 in Stealth
 59389 | Spider:4 | XOM: polymorph orb spider -> cane toad
 59390 | Spider:4 | XOM: butterfly on damage
 59498 | Spider:4 | XOM: cleaving
 59646 | Spider:3 | XOM: god gift: 52 gold pieces
 59763 | Spider:4 | Reached skill level 7 in Stealth
 59872 | Spider:4 | Noticed Roxanne
 60199 | Spider:4 | XOM: cloud trail
 60207 | Spider:4 | Noticed Bai Suzhen
 60408 | Spider:3 | Reached skill level 8 in Stealth
 60514 | Spider:4 | Killed Bai Suzhen
 61356 | Spider:3 | Reached skill level 15 in Translocations
 61680 | Spider:4 | XOM: repel stairs
 62273 | Spider:4 | XOM: god gift: +1 morningstar of protection
 62627 | Spider:4 | Reached XP level 17. HP: 94/94 MP: 12/34
 62851 | Spider:3 | XOM: give mutation
 62851 | Spider:3 | Lost mutation: You occasionally shout uncontrollably at
                  | your foes. [Xom's mischief]
 63008 | Spider:4 | Reached skill level 16 in Translocations
 63081 | Spider:4 | XOM: cloud trail
 63196 | Spider:4 | XOM: noise
 63413 | Spider:4 | Identified the scarf "Imuxi" {shadows, Str-5 Int+5 Dex+3}
 63440 | Spider:4 | XOM is BORED!
 63476 | Spider:4 | XOM: draining
 63561 | Spider:4 | Got a gossamer rune of Zot
 63619 | Spider:4 | Killed Roxanne
 63678 | Spider:4 | XOM: swap monsters
 64014 | D:10     | Bought a potion of mutation for 96 gold pieces
 64035 | D:10     | XOM: give mutation
 64035 | D:10     | Gained mutation: Your spells are a little harder to cast,
                  | but a little more powerful. [Xom's mischief]
 64105 | D:7      | Bought a manual of Evocations for 880 gold pieces
 64238 | Orc:2    | Bought a potion of mutation for 232 gold pieces
 64749 | D:13     | Reached skill level 14 in Dodging
 64980 | Vaults:1 | Entered Level 1 of the Vaults
 65705 | D:14     | XOM: summons friendly crimson imp
 65706 | D:14     | XOM: enchant monster (good)
 66003 | Vaults:1 | Reached skill level 15 in Dodging
 66524 | Vaults:1 | XOM: chaos upgrade
 66574 | Vaults:1 | XOM: god gift: 5 stones
 66726 | Vaults:1 | XOM: cloud trail
 66844 | Vaults:1 | XOM: god gift: quarterstaff {god gift}
 66892 | Vaults:1 | XOM: 3-stop teleportation journey
 66905 | Vaults:1 | XOM is BORED!
 67084 | Vaults:1 | XOM: enchant monster (bad)
 67097 | Vaults:1 | Reached skill level 16 in Dodging
 67147 | Vaults:1 | XOM: summons friendly hellwing
 67258 | D:14     | XOM: give mutations
 67258 | D:14     | Lost mutation: You are robust. (+10% HP) [Xom's mischief]
 67258 | D:14     | Lost mutation: You have a pair of small antennae on your
                  | head. [Xom's mischief]
 67258 | D:14     | Lost mutation: You occasionally lose the ability to drink
                  | potions when taking damage. [Xom's mischief]
 67258 | D:14     | Lost mutation: You expend magic power (3 MP) to strengthen
                  | your wands. [Xom's mischief]
 67772 | Vaults:1 | Reached skill level 17 in Dodging
 68326 | Vaults:1 | XOM: give mutations
 68326 | Vaults:1 | Lost mutation: You passively map the area around you.
                  | [Xom's mischief]
 68326 | Vaults:1 | Lost mutation: You are dopey. (Int -2) [Xom's mischief]
 68326 | Vaults:1 | Gained mutation: Your muscles are very strong. (Str +8,
                  | Int/Dex -2) [Xom's mischief]
 68326 | Vaults:1 | Lost mutation: You passively map a small area around you.
                  | [Xom's mischief]
 68685 | Vaults:1 | XOM: butterfly on damage
 69044 | Vaults:1 | XOM: give mutation
 69044 | Vaults:1 | Lost mutation: You are vulnerable to cold. (rC-) [Xom's
                  | mischief]
 69122 | Vaults:1 | XOM: chaos cloud
 69133 | Vaults:1 | Reached skill level 10 in Shapeshifting
 69284 | Vaults:1 | XOM: give mutation
 69284 | Vaults:1 | Lost mutation: Your spells are a little harder to cast, but
                  | a little more powerful. [Xom's mischief]
 69322 | Vaults:1 | XOM: stat loss: -1 Str (13/14)
 69484 | Vaults:2 | XOM: summons 9 hostile demons
 69669 | Vaults:2 | XOM: smoke on damage
 69918 | Vaults:2 | Reached skill level 18 in Dodging
 70374 | Vaults:2 | Found Gunnygarph's Magic Scroll Boutique.
 70823 | Vaults:2 | XOM: 1-stop teleportation journey
 70846 | Vaults:2 | Reached XP level 18. HP: 90/90 MP: 20/35
 70847 | Vaults:2 | XOM: polymorph ironbound preserver -> minotaur
 70852 | Vaults:2 | XOM: cleaving
 70866 | Vaults:2 | XOM: 1-stop teleportation journey
 70881 | Vaults:2 | XOM: give mutations
 70881 | Vaults:2 | Lost mutation: You possess an exceptional clarity of mind.
                  | [Xom's mischief]
 70881 | Vaults:2 | Gained mutation: You possess an exceptional clarity of
                  | mind. [Xom's mischief]
 70881 | Vaults:2 | Lost mutation: You possess an exceptional clarity of mind.
                  | [Xom's mischief]
 70881 | Vaults:2 | Gained mutation: You are frail. (-10% HP) [Xom's mischief]
 71078 | Vaults:2 | XOM: give mutations
 71078 | Vaults:2 | Lost mutation: You are frail. (-10% HP) [Xom's mischief]
 71078 | Vaults:2 | Gained mutation: Your body sometimes deteriorates upon
                  | taking damage. [Xom's mischief]
 71078 | Vaults:2 | Lost mutation: You are very agile. (Dex +8, Str/Int -2)
                  | [Xom's mischief]
 71078 | Vaults:2 | Lost mutation: Your muscles are very strong. (Str +8,
                  | Int/Dex -2) [Xom's mischief]
 71275 | Vaults:2 | XOM: 3-stop teleportation journey
 71294 | Vaults:2 | XOM: cast spell 'Death Channel'
 71313 | Vaults:2 | Reached skill level 11 in Shapeshifting
 71493 | Vaults:2 | XOM: polymorph mana viper -> wind drake
 71595 | Vaults:2 | XOM: 4-stop teleportation journey
 71708 | Vaults:2 | XOM: 1-stop teleportation journey
 71869 | Vaults:2 | XOM: 6-stop teleportation journey
 72114 | Vaults:2 | XOM: divination: detect items
 72138 | Vaults:2 | XOM is BORED!
 72297 | Vaults:2 | XOM: god gift: Xom's Elucidation of Negligence {god gift}
 72298 | Vaults:2 | Got Xom's Elucidation of Negligence {god gift}
 72312 | Vaults:2 | Noticed a curse skull
 72318 | Vaults:2 | XOM: polymorph cactus giant -> wandering mushroom
 72320 | Vaults:2 | XOM: god gift: orcbow {god gift}
 72669 | Vaults:2 | Found a staircase to the Crypt.
 72683 | Vaults:2 | XOM: give mutations
 72683 | Vaults:2 | Gained mutation: You possess an exceptional clarity of
                  | mind. [Xom's grace]
 72683 | Vaults:2 | Gained mutation: Your muscles are very strong. (Str +8,
                  | Int/Dex -2) [Xom's grace]
 72683 | Vaults:2 | Gained mutation: You passively map a small area around you.
                  | [Xom's grace]
 72992 | Vaults:2 | XOM: butterfly on damage
 72997 | Vaults:2 | Killed a curse skull
 73135 | Vaults:2 | XOM: give mutation
 73135 | Vaults:2 | Gained mutation: Your skin changes colour to match your
                  | surroundings (Stealth+). [Xom's grace]
 73225 | Vaults:2 | Reached skill level 12 in Shapeshifting
 73511 | Vaults:3 | XOM: butterfly on damage
 73514 | Vaults:3 | XOM: potion effect (brilliance)
 74106 | Vaults:3 | Reached skill level 13 in Shapeshifting
 74208 | Vaults:3 | XOM: 3-stop teleportation journey
 74237 | Vaults:3 | XOM: 1-stop teleportation journey
 74240 | Vaults:3 | XOM: polymorph yaktaur -> glowing shapeshifter
 74481 | Vaults:2 | XOM: summons 4 hostile shadow creatures
 74483 | Vaults:3 | XOM: swap monsters
 74585 | Vaults:2 | XOM: give mutation
 74585 | Vaults:2 | Gained mutation: Your mind is acute. (Int +4, Str/Dex -1)
                  | [Xom's mischief]
 74600 | Vaults:3 | Reached skill level 14 in Shapeshifting
 74772 | Vaults:3 | Identified the +8 morningstar "Zurghourior" {freeze, rF+
                  | rN+}
 74801 | Vaults:3 | Found Fimp's Weapon Emporium.
 74912 | Vaults:3 | XOM: cast spell 'Summon Ice Beast'
 74993 | Vaults:3 | XOM: divination: magic mapping
 75322 | Vaults:3 | XOM: silly message
 75390 | Vaults:3 | XOM: silly message
 75684 | Vaults:3 | Got the Grimoire of Glamour
 75751 | Vaults:3 | XOM: silly message
 75892 | Vaults:3 | XOM: summons 3 friendly demons
 75900 | Vaults:3 | HP: 9/114 [stone giant/large rock (36)]
 75980 | Vaults:2 | XOM: silly message
 76022 | Vaults:3 | XOM: scenery: 2 doors close
 76061 | Vaults:3 | Reached XP level 19. HP: 69/94 MP: 15/36
 76156 | Vaults:3 | Reached skill level 15 in Shapeshifting
 76189 | Vaults:3 | HP: 10/122 [stone giant/large rock (41)]
 76191 | Vaults:3 | XOM: confuse monster(s)
 76333 | Vaults:3 | Reached skill level 1 in Hexes
 76413 | Vaults:3 | XOM: god gift: 34 gold pieces
 76572 | Vaults:3 | Identified the staff "Rocapu" {rF+ Str+4 Dex+3 Fire}
 76790 | Vaults:4 | XOM: cast spell 'Summon Cactus Giant'
 76794 | Vaults:4 | Reached skill level 2 in Hexes
 77190 | Vaults:4 | XOM: divination: magic mapping
 77196 | Vaults:4 | Reached skill level 3 in Hexes
 77223 | Vaults:4 | XOM: scenery: 1 doors close
 77408 | Vaults:4 | XOM: silly message
 77420 | Vaults:4 | Found Momo's Antique Weapon Emporium.
 77658 | Vaults:4 | XOM: silly message
 77863 | Vaults:4 | Reached skill level 4 in Hexes
 77863 | Vaults:4 | Reached skill level 11 in Evocations
 77928 | Vaults:4 | XOM: divination: detect creatures
 77995 | Vaults:4 | Found Hukaonn's Assorted Antiques.
 78006 | Vaults:4 | Bought a white potion for 34 gold pieces
 78006 | Vaults:4 | Bought a fizzy grey potion for 34 gold pieces
 78174 | Vaults:4 | XOM: silly message
 78334 | Vaults:4 | HP: 7/122 [ironbound preserver/+0 great sword (32)]
 78750 | Vaults:4 | XOM: 2-stop teleportation journey
 79140 | Vaults:4 | XOM: cast spell 'Cause Fear'
 79267 | Vaults:4 | XOM: god gift: potion of haste
 79295 | Vaults:4 | XOM is BORED!
 79295 | Vaults:4 | XOM: polymorph deep troll -> anaconda
 79542 | Vaults:4 | Found Quruir's Antique Weapon Boutique.
 79855 | Orc:2    | Bought a ring of fire for 375 gold pieces
 79882 | Elf:1    | Entered Level 1 of the Elven Halls
 80032 | Elf:1    | Reached skill level 12 in Evocations
 80099 | Orc:2    | Learned a level 7 spell: Malign Gateway
 80099 | Orc:2    | XOM is BORED!
 80099 | Orc:2    | XOM: noise
 80282 | Orc:2    | XOM: divination: detect creatures
 80548 | Elf:1    | Reached skill level 16 in Shapeshifting
 80778 | Elf:1    | XOM: god gift: 26 gold pieces
 80790 | Elf:1    | XOM: give mutation
 80790 | Elf:1    | Gained mutation: You are robust. (+10% HP) [Xom's grace]
 80839 | Elf:1    | XOM: give mutations
 80839 | Elf:1    | Lost mutation: Your muscles are very strong. (Str +8,
                  | Int/Dex -2) [Xom's mischief]
 80839 | Elf:1    | Gained mutation: You are occasionally teleported next to
                  | monsters. [Xom's mischief]
 80839 | Elf:1    | Lost mutation: You are robust. (+10% HP) [Xom's mischief]
 80844 | Elf:1    | XOM: give mutations
 80844 | Elf:1    | Lost mutation: Your muscles are strong. (Str +4, Int/Dex
                  | -1) [Xom's mischief]
 80844 | Elf:1    | Lost mutation: You possess an exceptional clarity of mind.
                  | [Xom's mischief]
 80844 | Elf:1    | Lost mutation: You are partially covered in iridescent
                  | scales. (AC +2) [Xom's mischief]
 80844 | Elf:1    | Lost mutation: You are agile. (Dex +4, Str/Int -1) [Xom's
                  | mischief]
 80868 | Elf:1    | Identified the +1 leather armour of Vuwkav {rC+ Str+2}
 80872 | Elf:1    | XOM: chaos upgrade
 80937 | Orc:2    | Lost mutation: Your mind is acute. (Int +4, Str/Dex -1)
                  | [potion of mutation]
 80937 | Orc:2    | Lost mutation: Your skin changes colour to match your
                  | surroundings (Stealth+). [potion of mutation]
 80937 | Orc:2    | Gained mutation: Your flesh is cold resistant. (rC+)
                  | [potion of mutation]
 80937 | Orc:2    | Gained mutation: You are strong-willed. (Will+) [potion of
                  | mutation]
 80938 | Orc:2    | Lost mutation: You passively map a small area around you.
                  | [potion of mutation]
 80938 | Orc:2    | Lost mutation: You are occasionally teleported next to
                  | monsters. [potion of mutation]
 80938 | Orc:2    | Lost mutation: Your flesh is cold resistant. (rC+) [potion
                  | of mutation]
 81070 | Elf:1    | XOM: polymorph dryad -> jumping spider
 81252 | Elf:1    | Got the Enchiridion on Power
 81812 | Elf:1    | XOM: blink monster(s)
 81815 | Elf:1    | Reached skill level 13 in Evocations
 82088 | Elf:1    | XOM: summons 2 hostile shadow creatures
 82238 | Elf:2    | XOM: confusion
 82292 | Elf:2    | XOM: summons 8 hostile demons
 82356 | Elf:2    | XOM: polymorph deep elf archer -> anaconda
 82710 | Elf:2    | Found Liteheih's Distillery.
 82713 | Elf:2    | Bought a potion of heal wounds for 80 gold pieces
 82781 | Elf:2    | XOM: 1-stop teleportation journey
 82790 | Elf:2    | XOM: polymorph deep elf knight -> radroach
 82798 | Elf:2    | XOM: give mutation
 82798 | Elf:2    | Gained mutation: You have an increased reservoir of magic.
                  | (+10% MP) [Xom's mischief]
 82803 | Elf:2    | XOM: divine lightning
 82864 | Elf:1    | XOM: summons 2 hostile shadow creatures
 82932 | Elf:2    | Reached skill level 14 in Evocations
 82956 | Elf:2    | Found Vidwaar's Gadget Gallery.
 83145 | Elf:3    | Entered Level 3 of the Elven Halls
 83208 | Elf:3    | Reached XP level 20. HP: 98/98 MP: 3/41
 83416 | Elf:3    | Found a transporter.
 83417 | Elf:3    | Found a transporter.
 83447 | Elf:3    | Reached skill level 17 in Shapeshifting
 83512 | Elf:3    | Found a transporter.
 83516 | Elf:3    | Found a transporter.
 83567 | Elf:3    | Found a transporter.
 83571 | Elf:3    | Found a transporter.
 83743 | Elf:3    | XOM: 1-stop teleportation journey
 83748 | Elf:3    | XOM: scenery: summon butterflies
 83929 | Elf:3    | XOM: give mutations
 83929 | Elf:3    | Gained mutation: Your muscles are strong. (Str +4, Int/Dex
                  | -1) [Xom's grace]
 83929 | Elf:3    | Gained mutation: You have a pair of small horns on your
                  | head. [Xom's grace]
 83929 | Elf:3    | Gained mutation: You are partially covered in iridescent
                  | scales. (AC +2) [Xom's grace]
 84105 | Elf:3    | Identified the ring "Xoeh" {*Corrode rPois rF+ AC+4 Dex+3}
 84153 | Elf:3    | Reached skill level 15 in Evocations
 84287 | Elf:3    | Identified the ring of Plog {EV+5 Str+3 Int+2 Dex-2}
 84304 | Elf:3    | XOM: smoke on damage
 84414 | Elf:3    | Identified the ring "Romm" {MP+9 Int+3}
 84652 | Elf:3    | Identified the +1 morningstar "Raisin" {venom, Dex+6}
 84665 | Elf:3    | Identified the amulet "Ikycvyonyt" {Spirit +Blink Dex+4}
 84830 | Elf:3    | Identified the +0 chain mail "Xewiur" {Will+ rCorr SInv}
 84984 | Elf:3    | Got the Writings on Despair and Accompaniment
 84989 | Elf:3    | Got Sif Muna's Disquisition on Relocated Invitation
 84992 | Elf:3    | Identified the +7 longbow "Hydraslayer" {flame, MP+9}
 84993 | Elf:3    | Identified the staff "Dimudaf" {rElec Str+2 Air}
 85052 | Elf:3    | XOM: cloud trail
 85061 | Elf:3    | XOM: cleaving
 85230 | Orc:2    | XOM: scenery: summon butterflies
 85285 | D:10     | XOM: cloud trail
 85396 | D:14     | Found a viscous altar of Jiyva.
 85405 | D:14     | Killed Feuw's ghost
 85640 | Lair:3   | Reached skill level 18 in Shapeshifting
 85640 | Lair:3   | Killed Viapecw's ghost
 85756 | Lair:3   | XOM: summons 11 hostile demons
 85884 | D:9      | XOM: silly message
 85995 | Depths:1 | XOM: noise
 85995 | Depths:1 | Entered Level 1 of the Depths
 86104 | D:15     | Reached skill level 16 in Evocations
 86338 | Depths:1 | XOM: 5-stop teleportation journey
 86339 | Depths:1 | XOM: enchant monster (bad)
 86348 | Depths:1 | Noticed Sojobo
 86369 | Depths:1 | XOM: cast spell 'Summon Cactus Giant'
 86456 | Depths:1 | Identified the ring of Dudoehez {rElec rPois EV+5 Dex-2
                  | SInv}
 86568 | Depths:1 | Killed Sojobo
 86849 | Depths:1 | XOM: stat loss: -1 Str (14/15)
 87038 | Depths:1 | XOM: cast spell 'Alistair's Intoxication'
 87075 | Depths:1 | XOM: 2-stop teleportation journey
 87184 | Depths:1 | XOM: 2-stop teleportation journey
 87194 | Depths:1 | XOM: divination: detect items
 87310 | Depths:1 | XOM: god gift: 4 stones
 87314 | Depths:1 | Found a one-way gateway to a ziggurat.
 87448 | Depths:1 | XOM: god gift: scroll of poison
 87735 | Depths:1 | Found Kolio's CLEARANCE SALE!.
 87741 | Depths:1 | Bought a scroll of teleportation for 15 gold pieces
 87783 | Depths:1 | XOM: potion effect (brilliance)
 87911 | Depths:1 | Reached skill level 17 in Evocations
 87985 | Depths:1 | Found a gateway to Hell.
 88054 | Depths:2 | XOM: enchant monster (bad)
 88351 | Depths:2 | Reached skill level 19 in Shapeshifting
 88507 | Depths:2 | Found an ornate altar of the Wu Jian Council.
 88559 | Depths:2 | XOM: give mutations
 88559 | Depths:2 | Gained mutation: You are agile. (Dex +4, Str/Int -1) [Xom's
                  | grace]
 88559 | Depths:2 | Gained mutation: Your muscles are very strong. (Str +8,
                  | Int/Dex -2) [Xom's grace]
 88559 | Depths:2 | Gained mutation: Your spells are a little harder to cast,
                  | but a little more powerful. [Xom's grace]
 88808 | Depths:2 | Found a one-way gate leading to the halls of Pandemonium.
 88875 | Depths:2 | Found Xohieph's Book Emporium.
 88875 | Depths:2 | Found Puojok's Jewellery Boutique.
 88876 | Depths:2 | Found Erew's Jewellery Boutique.
 88927 | Depths:2 | Reached XP level 21. HP: 81/102 MP: 14/42
 89186 | Depths:2 | XOM: god gift: 6 stones
 89252 | Depths:2 | Found a one-way gate to the infinite horrors of the Abyss.
 89465 | Depths:2 | XOM: 4-stop teleportation journey
 89693 | Depths:2 | Found a portal to a secret trove of treasure.
 90084 | Depths:2 | Identified the ring of Jyruin {Ice Dex+2}
 90084 | Depths:2 | Noticed Josephina
 90353 | Depths:2 | XOM is BORED!
 90353 | Depths:2 | XOM: give mutation
 90353 | Depths:2 | Lost mutation: You are partially covered in iridescent
                  | scales. (AC +2) [Xom's mischief]
 90481 | Depths:2 | XOM: give mutations
 90481 | Depths:2 | Lost mutation: You have an increased reservoir of magic.
                  | (+10% MP) [Xom's mischief]
 90481 | Depths:2 | Gained mutation: Your magical capacity is low. (-10% MP)
                  | [Xom's mischief]
 90481 | Depths:2 | Gained mutation: Your flesh is heat resistant. (rF+) [Xom's
                  | mischief]
 90775 | Depths:2 | You are sucked into a shaft and drop 2 floors!
 90775 | Depths:4 | Entered Level 4 of the Depths
 90817 | Depths:3 | Learned a level 2 spell: Passwall
 91118 | Depths:2 | Got Eczowyuh's Directory of Electric Geology
 91223 | Depths:2 | Noticed Saint Roka
 91242 | Depths:2 | XOM: polymorph dryad -> ice dragon
 91244 | Depths:2 | Killed Saint Roka
 91431 | Depths:2 | XOM: smoke on damage
 91436 | Depths:2 | Reached skill level 20 in Shapeshifting
 91907 | Depths:2 | Found Erew's Jewellery Boutique.
 91908 | Depths:2 | Found Puojok's Jewellery Boutique.
 91927 | Depths:2 | XOM: summons 8 friendly demons
 91944 | Depths:2 | Killed Josephina
 92195 | Depths:2 | XOM: 2-stop teleportation journey
 92314 | Depths:2 | XOM: silly message
 92398 | Depths:2 | Found an ornate altar of the Wu Jian Council.
 92713 | Depths:2 | Found a portal to a secret trove of treasure.
 93056 | Depths:3 | Noticed a juggernaut
 93060 | Depths:3 | Mangled by a spriggan defender
 93061 | Depths:3 | Reached XP level 20. HP: -7/90 MP: 4/33
 93155 | Depths:3 | XOM: 3-stop teleportation journey
 93187 | Depths:3 | XOM: divination: detect items
 93190 | Depths:2 | XOM: give mutation
 93190 | Depths:2 | Gained mutation: You have hidden genetic potential. [Xom's
                  | grace]
 93448 | Depths:3 | XOM: potion effect (brilliance)
 93528 | Depths:2 | XOM: god gift: potion of lignification
 93554 | Depths:2 | XOM: noise
 94069 | Depths:3 | XOM: repel stairs
 94079 | Depths:3 | XOM: blink monster(s)
 94279 | Depths:3 | XOM: blink monster(s)
 94308 | Depths:3 | XOM: swap monsters
 94318 | Depths:3 | XOM: summons 4 hostile shadow creatures
 94324 | Depths:3 | XOM: noise
 94559 | Depths:3 | Gained mutation: You are frail. (-10% HP) [a shining eye]
 94606 | Depths:3 | XOM: 3-stop teleportation journey
 94712 | Depths:3 | XOM: confuse monster(s)
 94979 | Depths:2 | XOM: divination: magic mapping
 95050 | Depths:3 | Killed a juggernaut
 95051 | Depths:3 | Reached skill level 21 in Shapeshifting
 95702 | Depths:3 | Noticed a shard shrike
 95705 | Depths:3 | a shard shrike changed into a rockslime
 95709 | Depths:3 | XOM: give mutations
 95709 | Depths:3 | Lost mutation: You are agile. (Dex +4, Str/Int -1) [Xom's
                  | mischief]
 95709 | Depths:3 | Lost mutation: You have hidden genetic potential. [Xom's
                  | mischief]
 95709 | Depths:3 | Gained mutation: You are very frail. (-20% HP) [Xom's
                  | mischief]
 95709 | Depths:3 | Lost mutation: You are very frail. (-20% HP) [Xom's
                  | mischief]
 95965 | Depths:4 | Noticed a golden dragon
 96160 | Depths:3 | XOM: give mutations
 96160 | Depths:3 | Lost mutation: Your spells are a little harder to cast, but
                  | a little more powerful. [Xom's mischief]
 96160 | Depths:3 | Gained mutation: You are partially covered in large bone
                  | plates. (SH +4) [Xom's mischief]
 96178 | Depths:3 | XOM: god gift: sling {god gift}
 96265 | Depths:4 | Found Zuttueza's Book Boutique.
 96267 | Depths:4 | Found Fiaw's General Store.
 96269 | Depths:4 | Found Uzemycka's Magic Scroll Boutique.
 96304 | Depths:4 | Bought a scroll of teleportation for 42 gold pieces
 96304 | Depths:4 | Bought a scroll of fog for 56 gold pieces
 96304 | Depths:4 | Bought a scroll of teleportation for 42 gold pieces
 96304 | Depths:4 | Bought a scroll of blinking for 105 gold pieces
 96304 | Depths:4 | Bought a scroll of blinking for 105 gold pieces
 96304 | Depths:4 | Bought a scroll of teleportation for 42 gold pieces
 96304 | Depths:4 | Bought a scroll of revelation for 105 gold pieces
 96304 | Depths:4 | Bought a scroll of fear for 56 gold pieces
 96306 | Depths:4 | Bought a scroll of acquirement for 1144 gold pieces
 96306 | Depths:4 | Acquired 1195 gold pieces
 96370 | Depths:4 | XOM: swap monsters
 96540 | Depths:4 | XOM: butterfly on damage
 96541 | Depths:4 | Killed from afar by a red draconian scorcher
 96542 | Depths:4 | Reached XP level 19. HP: -10/84 MP: 29/32
 96642 | Depths:4 | Noticed a caustic shrike
 96642 | Depths:4 | Noticed a caustic shrike
 96642 | Depths:4 | Noticed a caustic shrike
 96769 | Depths:4 | XOM: cleaving
 96783 | Depths:4 | XOM: noise
 96798 | Depths:4 | XOM: noise
 96831 | Depths:4 | XOM: butterfly on damage
 96831 | Depths:4 | XOM: smoke on damage
 97261 | Depths:3 | Reached skill level 15 in Summonings
 97321 | Depths:4 | XOM: 2-stop teleportation journey
 97568 | Depths:4 | Noticed a golden dragon
 97569 | Depths:4 | XOM: enchant monster (good)
 97577 | Depths:4 | Killed a golden dragon
 97607 | Depths:4 | XOM: scenery: 2 doors close
 97615 | Depths:4 | XOM: polymorph shadow dragon -> shapeshifter
 97757 | Depths:4 | XOM: summons 10 hostile demons
 97893 | Depths:4 | XOM: potion effect (brilliance)
 97898 | Depths:4 | Killed a golden dragon
 97983 | Depths:4 | XOM: give mutation
 97983 | Depths:4 | Lost mutation: Your muscles are very strong. (Str +8,
                  | Int/Dex -2) [Xom's mischief]
 97984 | Depths:4 | Reached XP level 20. HP: 88/88 MP: 13/33
 98013 | Depths:4 | XOM: give mutations
 98013 | Depths:4 | Gained mutation: You occasionally shout uncontrollably at
                  | your foes. [Xom's mischief]
 98013 | Depths:4 | Gained mutation: Your mind is acute. (Int +4, Str/Dex -1)
                  | [Xom's mischief]
 98013 | Depths:4 | Lost mutation: Your mind is acute. (Int +4, Str/Dex -1)
                  | [Xom's mischief]
 98013 | Depths:4 | Lost mutation: Your magical capacity is low. (-10% MP)
                  | [Xom's mischief]
 98082 | Depths:4 | Found a gate to the Realm of Zot.
 98123 | Depths:4 | Noticed a caustic shrike
 98124 | Depths:4 | XOM: confuse monster(s)
 98133 | Depths:4 | XOM: god gift: boomerang
 98134 | Depths:4 | Killed a caustic shrike
 98135 | Depths:4 | Noticed a caustic shrike
 98136 | Depths:4 | Killed a caustic shrike
 98136 | Depths:4 | Killed a caustic shrike
 98137 | Depths:4 | Reached skill level 16 in Summonings
 98139 | Depths:4 | Killed a caustic shrike
 98141 | Depths:4 | Killed a caustic shrike
 98173 | Depths:4 | XOM: scenery: 2 doors close
 98293 | Depths:4 | XOM: 1-stop teleportation journey
 98341 | Depths:4 | XOM: god gift: scroll of enchant armour
 98577 | Depths:4 | XOM: scenery: summon butterflies
 98618 | Depths:4 | XOM: scenery: 1 doors open
 98654 | Depths:4 | XOM: give mutations
 98654 | Depths:4 | Gained mutation: You expend magic power (3 MP) to
                  | strengthen your wands. [Xom's grace]
 98654 | Depths:4 | Gained mutation: You possess an exceptional clarity of
                  | mind. [Xom's grace]
 98654 | Depths:4 | Gained mutation: Your spells are a little harder to cast,
                  | but a little more powerful. [Xom's grace]
 98654 | Depths:4 | Gained mutation: Your skin changes colour to match your
                  | surroundings (Stealth+). [Xom's grace]
 98842 | Depths:2 | Bought the ring of Ifanyonk {rF+ rCorr Str+2} for 459 gold
                  | pieces
 98856 | Depths:2 | XOM: give mutation
 98856 | Depths:2 | Gained mutation: You are resistant to electric shocks.
                  | (rElec) [Xom's grace]
 98962 | D:11     | XOM: divination: detect creatures
 99065 | Slime:1  | Entered Level 1 of the Pits of Slime
 99242 | Slime:3  | XOM: 1-stop teleportation journey
 99260 | Slime:3  | XOM: summons friendly shadow imp
 99292 | Slime:3  | XOM: 1-stop teleportation journey
 99309 | Slime:3  | XOM: chaos cloud
 99665 | Slime:2  | XOM: cast spell 'Summon Cactus Giant'
 99702 | Slime:1  | XOM: stat loss: -1 Dex (14/15)
 99883 | Slime:2  | Reached skill level 17 in Summonings
100197 | Slime:2  | XOM: 2-stop teleportation journey
100583 | Slime:3  | XOM: noise
100584 | Slime:3  | XOM: blink monster(s)
100642 | Slime:2  | XOM: draining
100935 | Slime:3  | XOM: silly message
101096 | Slime:4  | XOM: silly message
101122 | Slime:4  | Gained mutation: You are clumsy. (Dex -2) [a shining eye]
101214 | Slime:5  | Entered Level 5 of the Pits of Slime
101223 | Slime:5  | XOM: potion effect (attraction)
101295 | Slime:5  | Reached skill level 17 in Fighting
101439 | Slime:4  | XOM: divination: magic mapping
101492 | Slime:4  | XOM: silly message
101521 | Slime:5  | XOM: potion effect (might)
101645 | Slime:5  | XOM: potion effect (haste)
101971 | Slime:5  | XOM: enchant monster (bad)
102001 | Slime:4  | XOM: god gift: scroll of poison
102122 | Slime:5  | XOM: noise
102279 | Slime:5  | XOM: destruction
102687 | Slime:5  | Noticed the Royal Jelly
102861 | Slime:5  | Found the +6 Majin-Bo {spellvamp, MP+6 Int+6}
103015 | Slime:5  | XOM: enchant monster (bad)
103030 | Slime:5  | XOM: cast spell 'Death Channel'
103046 | Slime:5  | Found a viscous altar of Jiyva.
103180 | Slime:5  | XOM: god gift: +5 ring of evasion
103202 | Slime:5  | XOM: summons 2 friendly demons
103347 | Slime:5  | XOM: potion effect (berserk rage)
103348 | Slime:5  | XOM: divination: magic mapping
103349 | Slime:5  | XOM: divination: detect items
103355 | Slime:5  | XOM: summons friendly quasit
103358 | Slime:5  | Killed the Royal Jelly
103359 | Slime:5  | Reached XP level 21. HP: 81/94 MP: 19/38
103389 | Slime:5  | XOM: silly message
103599 | Slime:5  | Got a slimy rune of Zot
103600 | Slime:5  | Identified the -1 hat of Hepliaklqana {+Inv rF++}
103654 | Slime:5  | Identified the ring of Xapt {rPois Dex+4 SInv}
104045 | Slime:5  | XOM: noise
104070 | Slime:3  | XOM: cloud trail
104078 | Slime:2  | XOM: 2-stop teleportation journey
104086 | Slime:2  | XOM: divination: magic mapping
104388 | Lair:1   | XOM: summons 4 hostile demons
104446 | D:12     | XOM: give mutations
104446 | D:12     | Gained mutation: Your muscles are very strong. (Str +8,
                  | Int/Dex -2) [Xom's grace]
104446 | D:12     | Gained mutation: You are somewhat resistant to further
                  | mutation. [Xom's grace]
104446 | D:12     | Gained mutation: Your spells are harder to cast, but more
                  | powerful. [Xom's grace]
104573 | Zot:1    | Entered Level 1 of the Realm of Zot
104578 | Zot:1    | Reached skill level 18 in Fighting
104590 | Depths:4 | XOM: divination: detect items
104656 | Zot:1    | XOM: silly message
104929 | Depths:4 | XOM: enchant monster (good)
104937 | Depths:4 | XOM: noise
104938 | Depths:4 | XOM: divination: magic mapping
105134 | Depths:1 | Bought a scroll of summoning for 47 gold pieces
105293 | Vaults:2 | Bought a scroll of teleportation for 54 gold pieces
105293 | Vaults:2 | Bought a scroll of teleportation for 54 gold pieces
105531 | Orc:2    | Bought a scroll of teleportation for 60 gold pieces
105590 | Elf:2    | Bought a wand of paralysis (6) for 172 gold pieces
105590 | Elf:2    | Bought a wand of light (4) for 201 gold pieces
105590 | Elf:2    | Bought a wand of paralysis (4) for 115 gold pieces
105590 | Elf:2    | Bought a wand of roots (7) for 201 gold pieces
105631 | Elf:2    | Bought 2 potions of mutation for 256 gold pieces
105631 | Elf:2    | Bought a potion of magic for 128 gold pieces
105631 | Elf:2    | Bought a potion of ambrosia for 128 gold pieces
106221 | Depths:4 | Reached skill level 18 in Summonings
106644 | Zot:2    | Noticed a Killer Klown
106692 | Zot:1    | XOM: noise
106802 | Zot:2    | XOM: destruction
106809 | Zot:2    | XOM: butterfly on damage
106814 | Zot:2    | Killed a Killer Klown
107223 | Zot:5    | Entered Level 5 of the Realm of Zot
107231 | Zot:5    | XOM: enchant monster (bad)
107439 | Zot:5    | Noticed a golden dragon
107440 | Zot:5    | XOM: summons friendly crimson imp
107442 | Zot:5    | XOM: polymorph yellow draconian annihilator -> shadow
                  | dragon
107458 | Zot:4    | XOM is BORED!
107786 | Zot:5    | XOM: 1-stop teleportation journey
107794 | Zot:4    | XOM: swap monsters
107806 | Zot:4    | XOM: summons 1 hostile shadow creature
108006 | Zot:5    | XOM: chaos upgrade
108232 | Zot:5    | Reached skill level 19 in Fighting
108238 | Zot:4    | Killed a golden dragon
108510 | Zot:5    | XOM: god gift: potion of curing
108526 | Zot:5    | XOM: silly message
108560 | Zot:5    | XOM: cloud trail
108770 | Zot:4    | XOM: 2-stop teleportation journey
108775 | Zot:4    | XOM: confuse monster(s)
108782 | Zot:4    | Noticed Vv
108782 | Zot:4    | XOM: cleaving
108797 | Zot:4    | XOM: fake destruction
108813 | Zot:4    | XOM: god gift: scroll of amnesia
109025 | Zot:3    | XOM: give mutation
109025 | Zot:3    | Lost mutation: You have a pair of small horns on your head.
                  | [Xom's mischief]
109046 | Zot:4    | HP: 9/97 [tentacled monstrosity (10)]
109047 | Zot:4    | Slain by a tentacled monstrosity

Vanquished Creatures
  the Royal Jelly (Slime:5)
  Sojobo (Depths:1)
  Bai Suzhen (Spider:4)
  Josephina (Depths:2)
  Saint Roka (Depths:2)
  A Killer Klown (Zot:2)
  A caustic shrike (Depths:4)
  2 golden dragons
  6 tentacled monstrosities
  2 liches
  2 titans
  A walking divine tome (Depths:3)
  3 Orb Guardians (Zot:5)
  2 deep elf blademasters (Elf:3)
  2 quicksilver dragons
  A sphinx (shapeshifter) (Depths:2)
  5 sphinxes
  18 acid blobs
  2 death cobs
  A deep elf master archer (Elf:3)
  An Executioner (Depths:4)
  3 storm dragons
  2 shadow dragons (Zot:4)
  5 tengu reavers
  4 fire giants
  2 draconian monks (Zot:4)
  8 rockslimes
  6 frost giants
  A draconian knight (Depths:3)
  9 azure jellies
  6 vault wardens
  3 emperor scorpions
  2 draconian scorchers
  2 deep elf sorcerers
  4 deep elf elementalists (Elf:3)
  A draconian shifter (Depths:4)
  5 ghost moths
  4 orc warlords
  A draconian stormcaller (Depths:4)
  A draconian annihilator (Zot:5)
  A war gargoyle (Vaults:3)
  13 quicksilver oozes
  2 spriggan defenders
  4 very ugly things
  9 ironbound preservers
  12 formless jellyfish
  9 stone giants
  4 vampire knights
  4 yellow draconians
  3 red draconians
  3 ironbound thunderhulks
  4 black draconians
  2 eleionomae
  A bunyip (Swamp:4)
  6 green draconians
  A deep elf demonologist (Elf:3)
  3 dire elephants
  3 white draconians
  A minotaur (Vaults:2)
  The ghost of Feuw the Spry, a journeyman MfSh of Hepliaklqana (D:14)
  3 deep elf annihilators (Elf:3)
  8 spark wasps
  2 purple draconians
  4 ettins
  A fire dragon (shapeshifter) (Depths:2)
  6 great orbs of eyes
  3 deep elf death magi (Elf:3)
  4 fire dragons
  4 yaktaur captains
  An entropy weaver (shapeshifter) (Depths:2)
  3 rakshasas
  A ragged hierophant (Vaults:3)
  4 ice dragons
  3 deep elf high priests (Elf:3)
  4 entropy weavers
  9 centaur warriors
  4 vault guards
  A spriggan air mage (Depths:3)
  An ogre mage (D:14)
  9 hydras
  A ghost crab (Swamp:3)
  3 boulder beetles
  A catoblepas (D:9)
  4 ironbound frosthearts
  An ice dragon (shapeshifter) (Depths:2)
  4 two-headed ogres
  An anaconda (shapeshifter) (Depths:2)
  4 death yaks (Lair:5)
  5 deep troll shamans
  3 alligators (Swamp:1)
  9 deep troll earth magi
  A death knight (D:13)
  2 tengu warriors (Depths:2)
  4 dancing weapons
  3 vampire magi
  A demonic crawler (Spider:1)
  2 spriggan berserkers
  8 hell knights
  3 skeletal warriors (D:15)
  2 skysharks
  4 deep elf knights
  A fire crab (Lair:2)
  3 iron trolls (Depths:1)
  A sun moth (Spider:3)
  A goliath frog (Swamp:2)
  4 glowing orange brains
  A glowing orange brain (shapeshifter) (Depths:4)
  3 swamp dragons
  A quicksilver dragon simulacrum (Depths:2)
  A sea snake (shapeshifter) (D:7)
  6 orb spiders
  26 deep trolls
  3 steelbarb worms
  4 phantasmal warriors
  12 deep elf archers
  2 bog bodies (Lair:3)
  A wizard (Vaults:2)
  A spriggan druid (Swamp:4)
  3 lindwurms
  8 ironbound convokers
  An obsidian statue (Depths:2)
  2 harpies
  3 necromancers
  A sphinx simulacrum (Depths:2)
  17 deep elf pyromancers
  A steelbarb worm (shapeshifter) (Vaults:4)
  11 deep elf zephyrmancers
  A shining eye (shapeshifter) (Depths:3)
  A salamander (shapeshifter) (Depths:2)
  12 wolf spiders
  21 ugly things
  A manticore (D:14)
  4 will-o-the-wisps
  6 shining eyes
  2 cyclopes
  5 moths of wrath
  2 orc sorcerers
  A black mamba (shapeshifter) (Depths:2)
  12 black mambas
  6 vault sentinels
  4 elephants
  2 eyes of devastation
  An unseen horror (Spider:2)
  3 torpor snails
  2 fire giant skeletons
  A yaktaur zombie (Vaults:3)
  14 cane toads
  12 yaktaurs
  A rime drake (Lair:2)
  An efreet (D:14)
  10 komodo dragons
  A kobold demonologist (D:10)
  A tengu conjurer (Depths:2)
  2 trolls
  A merfolk (shapeshifter) (Depths:2)
  A meliai (shapeshifter) (Lair:2)
  2 tarantellas (shapeshifter)
  4 tyrant leeches
  3 nameless horrors
  3 saltlings (Vaults:3)
  2 hornets (Swamp:3)
  4 polar bears
  7 tarantellas
  2 hornets (shapeshifter) (Depths:2)
  27 blink frogs
  3 meliai
  5 dream sheep (Lair:4)
  2 frost giant simulacra (Depths:2)
  A deep troll zombie (Vaults:3)
  18 jumping spiders
  128 slime creatures
  Sigmund (D:5)
  5 shadows
  A spriggan (shapeshifter) (Depths:2)
  4 water elementals
  A ynoxinul (Depths:2)
  15 culicivoras
  4 wraiths
  A wyvern (D:7)
  25 yaks
  3 spriggans
  2 fire elementals
  3 basilisks
  8 golden eyes (Slime:2)
  A death yak simulacrum (Lair:3)
  7 humans (D:11)
  38 redbacks
  2 wargs
  14 vampire mosquitoes
  A two-headed ogre zombie (D:10)
  A naga (shapeshifter) (Depths:2)
  9 swamp worms
  An acid dragon (shapeshifter) (Depths:2)
  An acid dragon (D:10)
  15 water moccasins
  2 floating eyes
  A glowing shapeshifter skeleton (Vaults:3)
  2 swamp drakes
  6 black bears
  27 orc warriors
  A sky beast (D:7)
  A boggart (shapeshifter) (Depths:3)
  16 centaurs
  6 ogres
  A tengu (shapeshifter) (Depths:2)
  12 wolves
  2 kobold brigands (D:11)
  A phantom (D:7)
  18 bullfrogs
  A scorpion (D:5)
  An earth elemental (Elf:3)
  6 wights
  4 troll zombies (D:10)
  10 killer bees
  9 electric eels
  3 howler monkeys
  2 jellies
  9 hounds
  10 orc priests
  A gnoll bouda (D:9)
  3 sleepcaps
  Jessica (D:11)
  2 iguanas (D:5)
  20 orc wizards
  3 ogre zombies (D:10)
  12 adders
  16 gnolls
  2 river rats (D:6)
  3 white imps
  3 dart slugs
  69 orcs
  4 bats
  8 endoplasms
  4 giant cockroaches
  7 hobgoblins
  10 jackals
  5 kobolds
  6 quokkas
  12 ball pythons
  7 frilled lizards
  10 goblins
  2 goblin skeletons (D:10)
  4 goblin zombies (D:10)
  6 hobgoblin skeletons (D:10)
  A hobgoblin zombie (D:10)
  4 orc skeletons (D:10)
  8 orc zombies (D:10)
  6 rats
1364 creatures vanquished.

Vanquished Creatures (collateral kills)
  A juggernaut (Depths:3)
  4 caustic shrikes (Depths:4)
  A golden dragon (Depths:4)
  Nikola (Swamp:3)
  A walking crystal tome (Depths:3)
  A lich (Depths:2)
  3 deep elf master archers (Elf:3)
  An acid blob (Lair:5)
  A deep elf blademaster (Elf:3)
  4 sphinxes
  A storm dragon (Zot:3)
  A death cob (Zot:1)
  2 thorn hunters (Swamp:3)
  2 tengu reavers
  Aizul (Spider:4)
  Roxanne (Spider:4)
  A fire giant (Depths:3)
  A rockslime (shapeshifter) (Depths:3)
  4 vault wardens
  Louise (Swamp:3)
  An azure jelly (D:14)
  7 emperor scorpions
  2 deep elf sorcerers
  A curse skull (Vaults:2)
  2 ghost moths
  An orc warlord (Vaults:2)
  2 reapers (Depths:4)
  2 formless jellyfish
  7 ironbound preservers
  A spriggan defender (Depths:2)
  4 very ugly things
  3 ironbound thunderhulks
  A stone giant (Vaults:1)
  2 eleionomae (Swamp:3)
  2 green draconians (Zot:5)
  A bunyip (Swamp:3)
  Azrael (Spider:1)
  A yellow draconian (Zot:5)
  3 dire elephants (Vaults:1)
  The ghost of Viapecw the Grappler, a journeyman TrBe of Trog (Lair:3)
  5 deep elf annihilators
  A red draconian (Zot:1)
  A purple draconian (Zot:3)
  2 fire dragons
  2 deep elf death magi (Elf:3)
  4 entropy weavers
  A merfolk javelineer (Depths:1)
  A shambling mangrove (Swamp:2)
  4 yaktaur captains
  A deep elf high priest (Elf:3)
  A great orb of eyes (Vaults:1)
  8 hydras
  2 rakshasas (Depths:1)
  A catoblepas (D:15)
  An ice dragon (Depths:1)
  Harold (D:9)
  7 vault guards
  4 ironbound frosthearts
  A peacekeeper (Vaults:3)
  An anaconda (shapeshifter) (Vaults:3)
  2 ghost crabs
  2 jorogumos
  An anaconda (Elf:2)
  3 alligators
  5 centaur warriors
  3 two-headed ogres
  A sphinx skeleton (Vaults:3)
  2 boulder beetles
  6 dancing weapons
  2 tengu warriors
  2 radroaches
  2 deep troll shamans
  A deep troll earth mage (Depths:1)
  3 demonic crawlers
  6 hell knights
  6 deep elf knights
  A fire crab (D:8)
  2 goliath frogs
  2 skysharks
  3 pharaoh ants
  4 skeletal warriors
  A glowing orange brain (Depths:3)
  A spriggan druid (Swamp:2)
  2 deep elf archers
  10 ironbound convokers
  15 deep trolls
  A harpy (shapeshifter) (Orc:1)
  5 swamp dragons
  3 wizards
  13 lindwurms
  3 harpies (Vaults:3)
  A tengu zombie (D:15)
  2 spectral hydras (Lair:3)
  A necromancer (Vaults:3)
  6 steelbarb worms
  8 orc knights
  10 deep elf zephyrmancers
  9 deep elf pyromancers
  8 wolf spiders
  A will-o-the-wisp (Swamp:3)
  24 ugly things
  3 moths of wrath
  4 cyclopes
  A manticore (D:13)
  A frost giant zombie (D:15)
  2 orc sorcerers
  4 elephants
  2 black mambas (Lair:3)
  6 vault sentinels
  A gargoyle (D:12)
  2 torpor snails
  2 cane toads
  An efreet (D:14)
  3 freezing wraiths
  A tengu conjurer (Depths:3)
  11 yaktaurs
  A meliai (Spider:1)
  A troll (Orc:2)
  6 tyrant leeches
  4 hornets
  3 tarantellas
  A spectral dream sheep (Lair:3)
  5 blink frogs
  A spriggan zombie (D:15)
  4 slime creatures
  5 culicivoras
  An air elemental (Elf:3)
  A spectral black mamba (Lair:3)
  8 jumping spiders
  6 spriggans
  A wraith (Vaults:2)
  8 yaks
  2 fire elementals
  A hog (shapeshifter) (D:15)
  5 vampire mosquitoes
  A steam dragon (D:6)
  20 redbacks
  3 swamp worms
  A warg (Orc:2)
  A water moccasin (Lair:3)
  A spectral torpor snail (Lair:3)
  7 hell hounds (Spider:1)
  An ice beast (Vaults:2)
  2 swamp drakes
  22 orc warriors
  A wolf (Lair:3)
  9 centaurs
  A cane toad simulacrum (Lair:3)
  A human simulacrum (Vaults:2)
  3 orc priests
  Crazy Yiuf (D:4)
  A gnoll bouda (Orc:2)
  7 orc wizards
  2 gnolls (Orc:2)
  An adder (Lair:1)
  11 orcs
515 creatures vanquished.

Vanquished Creatures (others)
  12 eldritch tentacles
  2 dancing weapons
  An orc knight (Orc:2)
  A deep elf zephyrmancer (Elf:2)
  2 deep elf pyromancers (Elf:1)
  A hornet (Swamp:3)
  A bloated husk (Swamp:2)
  22 foxfires
  41 snaplasher vines
83 creatures vanquished.

Grand Total: 1962 creatures vanquished

Table legend: (Time is in decaauts)
 A = Elapsed time spent in this place.
 B = Non-inter-level travel time spent in this place.
 C = Inter-level travel time spent in this place.
 D = Time resting spent in this place.
 E = Time spent auto-exploring this place.
 F = Levels seen in this place.
 G = Mean time per level.
                   A        B        C        D        E       F      G
               +--------+--------+--------+--------+--------+-----+--------+
         Total | 113171 | 105147 |   8024 |  38384 |  48428 |  52 | 2176.4 |
       Dungeon |  28666 |  25420 |   3246 |   7736 |  13039 |  15 | 1911.1 |
          Lair |  13167 |  11974 |   1193 |   4033 |   6004 |   5 | 2633.4 |
         Swamp |   7136 |   6816 |    320 |   3147 |   2468 |   4 | 1784.0 |
   Spider Nest |  14124 |  13650 |    474 |   7166 |   4696 |   4 | 3531.0 |
    Slime Pits |   4493 |   4345 |    148 |   2444 |    926 |   5 |  898.6 |
  Orcish Mines |   3679 |   3146 |    533 |   1547 |   1037 |   2 | 1839.5 |
   Elven Halls |   7187 |   6714 |    473 |   1372 |   4011 |   3 | 2395.7 |
        Vaults |  16765 |  15839 |    926 |   4181 |   8487 |   4 | 4191.2 |
        Depths |  14461 |  13759 |    702 |   4312 |   7590 |   4 | 3615.2 |
           Zot |   2711 |   2706 |      5 |   1921 |    124 |   5 |  542.2 |
        Bailey |    779 |    779 |      0 |    521 |     45 |   1 |  779.0 |
               +--------+--------+--------+--------+--------+-----+--------+

Top non-repeatable levels by time:
Depths:2: 5716 daAuts
Vaults:2: 5120 daAuts
    D:10: 4498 daAuts
Spider:2: 4494 daAuts
     D:9: 4151 daAuts
Vaults:3: 4139 daAuts
Vaults:1: 3773 daAuts
Vaults:4: 3732 daAuts
Spider:3: 3642 daAuts
  Lair:5: 3603 daAuts
    D:14: 3375 daAuts
Depths:3: 3073 daAuts
Depths:1: 3030 daAuts
Spider:1: 3027 daAuts
   Elf:1: 3027 daAuts

Table legend:
 A = Non-vault XP
 B = Vault XP
 C = Vault XP percentage of total XP
 D = Non-vault monster count
 E = Vault monster count
 F = Vault count percentage of total count
                 A         B        C        D         E       F
            +---------+---------+-------+---------+---------+-------
      Total |  561510 |  380740 |  40.4 |    1243 |     619 |  33.2
            +---------+---------+-------+---------+---------+-------
        D:1 |      32 |       6 |  15.8 |      20 |       3 |  13.0
        D:2 |      56 |       0 |   0.0 |      19 |       0 |   0.0
        D:3 |      33 |       0 |   0.0 |      15 |       0 |   0.0
        D:4 |     191 |     173 |  47.5 |      21 |      17 |  44.7
        D:5 |     270 |     223 |  45.2 |      10 |       1 |   9.1
        D:6 |     855 |      27 |   3.1 |      17 |       3 |  15.0
        D:7 |    1195 |     793 |  39.9 |      15 |      12 |  44.4
        D:8 |    2125 |       0 |   0.0 |      22 |       0 |   0.0
        D:9 |    4162 |    1685 |  28.8 |      22 |       9 |  29.0
       D:10 |    5379 |    1205 |  18.3 |      36 |      36 |  50.0
       D:11 |    2044 |    2786 |  57.7 |      15 |      20 |  57.1
       D:12 |    5703 |       0 |   0.0 |      20 |       0 |   0.0
       D:13 |    8510 |       0 |   0.0 |      22 |       0 |   0.0
       D:14 |   17035 |    6726 |  28.3 |      37 |       8 |  17.8
       D:15 |    8835 |    4772 |  35.1 |      16 |       8 |  33.3
     Lair:1 |    4430 |    2709 |  37.9 |      17 |      18 |  51.4
     Lair:2 |    9123 |     989 |   9.8 |      31 |       6 |  16.2
     Lair:3 |    8439 |    5350 |  38.8 |      30 |      17 |  36.2
     Lair:4 |    5646 |    1010 |  15.2 |      17 |       2 |  10.5
     Lair:5 |    9002 |   13231 |  59.5 |      17 |      40 |  70.2
    Swamp:1 |   12487 |       0 |   0.0 |      27 |       0 |   0.0
    Swamp:2 |    6547 |    2907 |  30.7 |      14 |       5 |  26.3
    Swamp:3 |   13519 |    6814 |  33.5 |      28 |       7 |  20.0
    Swamp:4 |    4370 |   13444 |  75.5 |       8 |      18 |  69.2
   Spider:1 |   16618 |    2208 |  11.7 |      47 |       9 |  16.1
   Spider:2 |   20713 |       0 |   0.0 |      49 |       0 |   0.0
   Spider:3 |   13965 |    2074 |  12.9 |      27 |       3 |  10.0
   Spider:4 |   15127 |   24604 |  61.9 |      28 |      41 |  59.4
    Slime:1 |    3576 |       0 |   0.0 |      14 |       0 |   0.0
    Slime:2 |   23841 |       0 |   0.0 |      53 |       0 |   0.0
    Slime:3 |   14207 |       0 |   0.0 |      37 |       0 |   0.0
    Slime:4 |    7632 |    1622 |  17.5 |      10 |       1 |   9.1
    Slime:5 |   22569 |   22145 |  49.5 |      47 |      14 |  23.0
      Orc:1 |    2348 |     130 |   5.2 |      32 |       1 |   3.0
      Orc:2 |    5932 |    5070 |  46.1 |      47 |      36 |  43.4
      Elf:1 |   22507 |    4046 |  15.2 |      37 |       6 |  14.0
      Elf:2 |   15301 |    4817 |  23.9 |      23 |       7 |  23.3
      Elf:3 |   12946 |   33961 |  72.4 |      22 |      29 |  56.9
   Vaults:1 |   25183 |   27815 |  52.5 |      36 |      33 |  47.8
   Vaults:2 |   27661 |   16391 |  37.2 |      41 |      22 |  34.9
   Vaults:3 |   14539 |   47681 |  76.6 |      23 |      53 |  69.7
   Vaults:4 |   21444 |   16714 |  43.8 |      31 |      20 |  39.2
   Depths:1 |   35318 |    8718 |  19.8 |      42 |       6 |  12.5
   Depths:2 |   12168 |   35935 |  74.7 |      14 |      45 |  76.3
   Depths:3 |   10814 |   39564 |  78.5 |      13 |      34 |  72.3
   Depths:4 |   39579 |   13648 |  25.6 |      34 |      11 |  24.4
      Zot:1 |   15685 |       0 |   0.0 |      14 |       0 |   0.0
      Zot:2 |    3916 |       0 |   0.0 |       2 |       0 |   0.0
      Zot:3 |    5516 |    1447 |  20.8 |       5 |       1 |  16.7
      Zot:4 |   12408 |    1987 |  13.8 |      10 |       1 |   9.1
      Zot:5 |   10009 |    5218 |  34.3 |       9 |       3 |  25.0
     Bailey |       0 |      95 | 100.0 |       0 |      13 | 100.0
            +---------+---------+-------+---------+---------+-------
